 Dungeon Crawl Stone Soup version 0.29-a0-557-g43b9904bd1 (webtiles) character file.

Game seed: 8083993298361799915

752193 lfo the Hoplite (level 27, -14/175 HPs)
             Began as a Gargoyle Earth Elementalist on June 7, 2022.
             Was the Champion of Vehumet.
             Killed by dispel undead
             ... invoked by a Tzitzimitl
              (77 damage)
             ... on level 4 of the Iron City of Dis on June 8, 2022.
             The game lasted 05:09:45 (104999 turns).

lfo the Hoplite (Gargoyle Earth Elementalist)     Turns: 104999, Time: 05:09:46

Health: -14/175    AC: 45    Str: 10    XL:     27
Magic:  42/42      EV: 19    Int: 62    God:    Vehumet [******]
Gold:   4292       SH: 22    Dex: 11    Spells: 6/66 levels left

rFire   + . .      SeeInvis +   n - +0 broad axe "Gaess" {vorpal, rCorr Str+4 Int+9 Dex-2}
rCold   + + +      Faith    .   z - +1 tower shield {AC+3}
rNeg    + + +      Spirit   .   P - +6 faerie dragon scales {rCorr Int+5 Dex+3}
rPois   ∞          Reflect  .   Y - -2 helmet of Zigoav {+Inv rC- Int+5 Stlth+}
rElec   +          Harm     .   L - scarf {rC+ rF+}
rCorr   +          Rampage  .   b - +2 pair of gloves of the Lair of Beasts {Str-4 Int+4 Slay+3}
Will    +++..                   w - +2 pair of boots of the Salamander {Slay+4 SInv Stlth+}
Stlth   +++.......              t - amulet of magic regeneration
HPRegen 0.39/turn               i - +6 ring of intelligence
MPRegen 0.68/turn               R - ring "Joonleog" {+Blink rC+++ EV+4 Int+3}

@: about to teleport, lich-form, in a vortex, flying, studying 5 skills,
corroded
A: draining attack, torment immunity, no potions, flying, sickness immunity, AC
+20, big wings, negative energy resistance 1, electricity resistance, torment
resistance 1, petrification resistance, low MP 1, weak 1, evolution 1
}: 5/15 runes: decaying, slimy, silver, icy, gossamer
a: End Transformation, Renounce Religion, Evoke Blink, Evoke Invisibility


You were on level 4 of the Iron City of Dis.
You worshipped Vehumet.
Vehumet was exalted by your worship.
You were an undead lich.
You visited 16 branches of the dungeon, and saw 68 of its levels.
You visited the Abyss 4 times.
You visited 1 bazaar.
You also visited: Bailey and Desolation.

You collected 10411 gold pieces.
You spent 6119 gold pieces at shops.


Innate Abilities, Weirdness & Mutations

You are an undead lich.
Your unarmed attacks are suffused with negative energy.
You are immune to unholy pain and torment.
Your necromantic spells are more powerful.
You cannot drink.
You are flying.
You are immune to sickness and miasma.
Your stone body is resilient. (AC +20)
You are immune to poison.
Your large and strong wings let you fly.
You resist negative energy. (rN+)
You are resistant to electric shocks. (rElec)
You are resistant to unholy torment.
You are immune to petrification.
Your magical capacity is low. (-10% MP)
You are weak. (Str -2)
You have hidden genetic potential.


   Skills:
 * Level 18.4 Fighting
 - Level 18.0 Axes
 * Level 16.6 Armour
 * Level 13.3 Dodging
 - Level 2.1 Stealth
 * Level 22.3 Shields
 * Level 20.0 Spellcasting
 + Level 16.0 Conjurations
 + Level 15.5 Necromancy
 + Level 12.7 Transmutations
 + Level 19.4 Fire Magic
 + Level 17.0 Ice Magic
 - Level 20.4 Earth Magic


You had 6 spell levels left.
You knew the following spells:

 Your Spells              Type           Power      Damage    Failure   Level
b - Blink                 Tloc           100%       N/A       1%          2
f - Fire Storm            Conj/Fire      68%        8d17      6%          9
i - Ignition              Fire           70%        3d18      1%          8
l - Lehudib's Crystal Sp  Conj/Erth      68%        10d16     1%          8
n - Necromutation         Tmut/Necr      75%        N/A       6%          8
o - Ozocubu's Refrigerat  Ice            67%        4d18      1%          7
p - Polar Vortex          Ice            67%        N/A       8%          9
s - Shatter               Erth           71%        3d52*     1%          9

Your spell library contained the following spells:

 Spells                   Type           Power      Damage    Failure   Level
 Beastly Appendage        Tmut           100%       N/A       0%          1
 Sandblast                Erth           100%       2d20      0%          1
 Shock                    Conj/Air       100%       1d9       0%          1
 Ensorcelled Hibernation  Hex/Ice        100%       N/A       0%          2
 Passwall                 Tmut/Erth      100%       N/A       0%          2
 Scorch                   Fire           100%       2d10      0%          2
 Wereblood                Tmut           100%       N/A       0%          2
 Conjure Flame            Conj/Fire      100%       6-21      0%          3
 Frozen Ramparts          Ice            100%       1d12      0%          3
 Ignite Poison            Fire/Tmut/Pois 100%       N/A       0%          3
 Inner Flame              Hex/Fire       100%       N/A       0%          3
 Ozocubu's Armour         Ice            100%       N/A       0%          3
 Stone Arrow              Conj/Erth      100%       3d13      0%          3
 Vampiric Draining        Necr           100%       2d13      0%          3
 Flame Wave               Conj/Fire      100%       2d17      0%          4
 Hailstorm                Conj/Ice       100%       3d20      0%          4
 Ice Form                 Ice/Tmut       100%       N/A       0%          4
 Petrify                  Tmut/Erth      100%       N/A       0%          4
 Sticky Flame             Conj/Fire      100%       2d11      0%          4
 Agony                    Necr           100%       N/A       0%          5
 Fireball                 Conj/Fire      68%        3d26      0%          5
 Irradiate                Conj/Tmut      63%        3d34      0%          5
 Iskenderun's Battlesphe  Conj           100%       2d15      0%          5
 Lee's Rapid Deconstruct  Erth           71%        3d33*     0%          5
 Apportation              Tloc           100%       N/A       1%          1
 Slow                     Hex            100%       N/A       1%          1
 Sting                    Tmut/Pois      100%       1d8       1%          1
 Poisonous Vapours        Pois/Air       100%       N/A       1%          2
 Confusing Touch          Hex            58%        N/A       1%          3
 Dazzling Flash           Conj/Hex       100%       N/A       1%          3
 Gell's Gravitas          Tloc           58%        N/A       1%          3
 Lesser Beckoning         Tloc           58%        N/A       1%          3
 Mephitic Cloud           Conj/Pois/Air  91%        N/A       1%          3
 Portal Projectile        Hex/Tloc       100%       N/A       1%          3
 Spider Form              Tmut/Pois      96%        N/A       1%          3
 Swiftness                Air            58%        N/A       1%          3
 Teleport Other           Tloc           58%        N/A       1%          3
 Airstrike                Air            29%        N/A       1%          4
 Anguish                  Hex/Necr       63%        N/A       1%          4
 Animate Armour           Summ/Erth      100%       N/A       1%          4
 Fulminant Prism          Conj/Hex       52%        3d23      1%          4
 Iskenderun's Mystic Bla  Conj/Tloc      100%       2d19      1%          4
 Olgreb's Toxic Radiance  Pois           58%        N/A       1%          4
 Summon Ice Beast         Ice/Summ       100%       N/A       1%          4
 Blade Hands              Tmut           60%        N/A       1%          5
 Freezing Cloud           Conj/Ice/Air   57%        6-21      1%          5
 Metabolic Englaciation   Hex/Ice        53%        N/A       1%          5
 Yara's Violent Unravell  Hex/Tmut       48%        3d19      1%          5
 Conjure Ball Lightning   Conj/Air       52%        3x3d18    1%          6
 Death Channel            Necr           77%        N/A       1%          6
 Eringya's Noxious Bog    Tmut/Pois      48%        N/A       1%          6
 Iron Shot                Conj/Erth      68%        9d13      1%          6
 Simulacrum               Ice/Necr       78%        N/A       1%          6
 Starburst                Conj/Fire      68%        6d18      1%          6
 Cause Fear               Hex            29%        N/A       3%          4
 Summon Lightning Spire   Summ/Air       58%        N/A       3%          4
 Manifold Assault         Tloc           58%        N/A       9%          5
 Silence                  Hex/Air        29%        N/A       9%          5
 Summon Forest            Summ/Tloc      29%        N/A       9%          5
 Summon Mana Viper        Hex/Summ       58%        N/A       9%          5
 Dispersal                Tloc           29%        N/A       43%         6
 Summon Cactus Giant      Summ           29%        N/A       43%         6
 Dragon Form              Tmut           60%        N/A       1%          7
 Orb of Destruction       Conj           65%        9d15      1%          7
 Storm Form               Tmut/Air       48%        N/A       19%         7
 Chain Lightning          Conj/Air       52%        3d69      94%         9
 Enfeeble                 Hex            29%        N/A       95%         7
 Malign Gateway           Summ/Tloc      29%        N/A       95%         7
 Monstrous Menagerie      Summ           29%        N/A       95%         7
 Summon Hydra             Summ           29%        N/A       95%         7
 Maxwell's Capacitive Co  Air            29%        ∞         99%         8
 Discord                  Hex            29%        N/A       100%        8
 Disjunction              Tloc           29%        N/A       100%        8
 Summon Horrible Things   Summ           29%        N/A       100%        8
 Sublimation of Blood     Necr           Unusable   N/A       N/A         2

Inventory:

Hand Weapons
 n - the +0 broad axe "Gaess" (weapon) {vorpal, rCorr Str+4 Int+9 Dex-2}
   (You found it on level 4 of the Vaults)

   It inflicts extra damage upon your enemies.
   Str:       It affects your strength (+4).
   Int:       It affects your intelligence (+9).
   Dex:       It affects your dexterity (-2).
   rCorr:     It protects you from acid and corrosion.
 D - a +5 eudemon blade of holy wrath
   (You took it off a daeva on level 3 of the Abyss)
Armour
 b - the +2 pair of gloves of the Lair of Beasts (worn) {Str-4 Int+4 Slay+3}
   (You acquired it on level 3 of the Depths)

   Str:       It affects your strength (-4).
   Int:       It affects your intelligence (+4).
   Slay:      It affects your accuracy & damage with ranged weapons and melee
   (+3).
 f - +9 gold dragon scales {rare}
   (You took it off Parghit on level 3 of the Depths)
 q - the +3 warlock's mirror {reflect}
   (You found it on level 14 of the Dungeon)

   It can block and reflect piercing ranged attacks and magical attacks against
   the wielder's willpower.
 w - the +2 pair of boots of the Salamander (worn) {Slay+4 SInv Stlth+}
   (You found it on level 2 of the Realm of Zot)

   Slay:      It affects your accuracy & damage with ranged weapons and melee
   (+4).
   SInv:      It lets you see invisible.
   Stlth:     It makes you more stealthy.
 z - a +1 tower shield of protection (worn)
   (You took it off a daeva on level 3 of the Abyss)
 L - a scarf of resistance (worn)
   (You found it on level 11 of the Dungeon)
 P - the +6 faerie dragon scales (worn) {rCorr Int+5 Dex+3}
   (You took it off the Enchantress on level 3 of the Depths)

   Int:       It affects your intelligence (+5).
   Dex:       It affects your dexterity (+3).
   rCorr:     It protects you from acid and corrosion.
 Y - the -2 helmet of Zigoav (worn) {+Inv rC- Int+5 Stlth+}
   (You found it on level 3 of the Elven Halls)

   Int:       It affects your intelligence (+5).
   rC:        It makes you vulnerable to cold.
   +Inv:      It lets you turn invisible.
   Stlth:     It makes you more stealthy.
Jewellery
 e - a ring of willpower
   (You found it on level 4 of the Realm of Zot)
 g - an amulet of regeneration
   (You found it on level 5 of the Realm of Zot)
 i - a +6 ring of intelligence (left hand)
   (You found it on level 5 of the Pits of Slime)
 t - an amulet of magic regeneration (around neck)
   (You took it off an orc on level 8 of the Dungeon)
 v - a ring of see invisible
   (You found it on level 7 of Cocytus)
 C - a ring of protection from cold
   (You found it on level 1 of the Crypt)
 F - a ring of fire
   (You took it off a deep elf death mage on level 5 of the Vaults)
 H - the amulet "Agezo" {Spirit rC+ Will+ Int+6}
   (You found it on level 2 of the Depths)

   [amulet of guardian spirit]

   It causes incoming damage to be divided between your reserves of health and
   magic.
   Int:       It affects your intelligence (+6).
   rC:        It protects you from cold.
   Will:      It increases your willpower.
 I - a +6 ring of intelligence
   (You took it off Antaeus on level 7 of Cocytus)
 R - the ring "Joonleog" (right hand) {+Blink rC+++ EV+4 Int+3}
   (You found it on level 12 of the Dungeon)

   [ring of evasion]

   EV:        It affects your evasion (+4).
   Int:       It affects your intelligence (+3).
   rC:        It renders you almost immune to cold.
   +Blink:    It lets you blink.
Wands
 x - a wand of digging (19)
   (You found it on level 5 of the Dungeon)
Scrolls
 d - 12 scrolls of teleportation {@r4}
 j - 8 scrolls of enchant armour
 l - 5 scrolls of brand weapon
 p - 5 scrolls of fear
 r - 5 scrolls of magic mapping {!r}
 u - 7 scrolls of poison
 y - 5 scrolls of amnesia
 K - 13 scrolls of enchant weapon
Potions
 a - 19 potions of might
 h - a potion of heal wounds {@q2}
 k - 4 potions of haste {@q3}
 m - 12 potions of cancellation
 o - 16 potions of ambrosia
 s - 8 potions of berserk rage {!q}
 E - 5 potions of brilliance
 M - 30 potions of curing {@q1}
 Q - 5 potions of invisibility
 S - 9 potions of magic
 X - 5 potions of resistance
Miscellaneous
 c - a phantom mirror
   (You found it on level 7 of Cocytus)
 A - a lightning rod (4/4)
   (You found it on level 4 of the Swamp)
 B - a phial of floods
   (You found it on level 2 of the Swamp)
 G - the horn of Geryon
   (You took it off Geryon in the Vestibule of Hell)

Dungeon Overview and Level Annotations

Branches:
Dungeon (15/15)            Temple (1/1) D:6            Lair (6/6) D:9
  Swamp (4/4) Lair:4       Spider (4/4) Lair:4        Slime (5/5) Lair:6
    Orc (2/2) D:10            Elf (3/3) Orc:2        Vaults (5/5) D:13
  Crypt (1/3) Vaults:2     Depths (4/4) D:15           Hell (visited)
    Dis (4/7) Hell            Geh (1/7) Hell            Coc (7/7) Hell
    Tar (0/7) Hell            Zot (5/5) Depths:4     Bailey (visited)
Desolation (visited)

Altars:
Ashenzari
Cheibriados
Dithmenos
Elyvilon
Fedhas
Gozag
Hepliaklqana
Kikubaaqudgha
Makhleb
Nemelex Xobeh
Okawaru
Qazlal
Ru
Sif Muna
Trog
Uskayaw
Vehumet
Wu Jian
Xom
Yredelemnul
Zin
The Shining One
Beogh
Jiyva

Shops:
D:9 *   Orc:2 (:[(   Elf:2 (   Vaults:4 (   Vaults:5 [[

Portals:
Hell: Depths:1 Depths:2 Depths:3 Depths:4
Abyss: Zot:2 Depths:3
Pandemonium: Depths:1 Depths:2
Ziggurat: Depths:1
Trove: Depths:1 (give +3 gold dragon scales)

Annotations:
Zot:2 Abeir's ghost, legendary GrFi

..........#.#..
..........#.... #..
..............# #..
........^...... #..
....§§§§§§§...# #..
..>>§§§§§§§...########..
..>>§11§§§§.........#...
....§11L§§§...##....##..
....§§§11§§#####....##..
2...§§§§§§§..........)..
....§§§§§§§.....).).....
..........#....##...###.
..............# ##### #.
..####.##....... #† ..
.. ..^..... #. #....##.
#.


You could see a Hell Sentinel, 3 Tzitzimimeh, a Brimstone Fiend, an Ice Fiend
and a tormentor.


Message History

Unknown command.
Unknown command.
Unknown command.
Unknown command.
Unknown command.
Unknown command.
Unknown command.
The Brimstone Fiend roars!
The hellion gives a hideous shriek!
You hit the war gargoyle but do no damage.
You block the war gargoyle's attack.
A Tzitzimitl breaks down the door.
A Brimstone Fiend breaks down the door.
The Hell Sentinel moves out of view.
An Ice Fiend comes into view. 😎 MP[+1]
Casting: Necromutation (dangerous; 7% risk of failure)
Confirm with . or Enter, or press ? or * to list all spells.
The dungeon rumbles!
You destroy the war gargoyle!
Vehumet accepts your kill.
You feel your power returning.
A door shatters! x14
You destroy the quicksilver elemental!
Vehumet accepts your kill.
A door shatters! x18
You kill the shadow demon!
Vehumet accepts your kill.
You feel your power returning.
You destroy the quicksilver elemental!
Vehumet accepts your kill.
You feel your power returning.
A door shatters!
You destroy the crystal echidna!
Vehumet accepts your kill.
You feel your power returning.
A door shatters! x10
You kill the hellion!
Vehumet accepts your kill.
You feel your power returning.
A door shatters! x22
Ka-crash!
A quicksilver elemental comes into view.
The iron giant throws the iron giant at you!
The iron giant points at you and mumbles some strange words.
The iron shot hits you!!!
You feel your intelligence returning.
You feel the corruption within you wane completely.
You feel healthier.
Your Ice Magic skill increases to level 17! 😕 HP[-39] MP[+1]
You take 39 damage, and now have 136/175 hp.
MASSIVE DAMAGE!! (PAUSE)
Your mp is fully restored (42).
Casting: Shatter (dangerous; 1% risk of failure)
Confirm with . or Enter, or press ? or * to list all spells.
The dungeon rumbles!
You destroy the iron golem!
Vehumet accepts your kill.
You feel your power returning.
You destroy the quicksilver elemental!
Vehumet accepts your kill.
You feel your power returning.
Ka-crash!
You hear a roar!
The iron giant throws the Tzitzimitl at you!
The Tzitzimitl barely misses you.
The Tzitzimitl bites you but does no damage.
The iron giant throws the iron giant at you!
You block the iron giant's attack. The Tzitzimitl gestures at you.
You convulse!
* * * LOW HITPOINT WARNING * * *
The iron golem completely misses you.
You block the iron golem's attack. 😨 HP[-74] MP[-1]
You take 74 damage, and now have 62/175 hp.
MASSIVE DAMAGE!! (PAUSE)
You lost 1 mp, and now have 41/42 mp.
Casting: Shatter (dangerous; 1% risk of failure)
Confirm with . or Enter, or press ? or * to list all spells.
Okay, then.
Casting: Shatter (dangerous; 1% risk of failure)
Confirm with . or Enter, or press ? or * to list all spells.
A great freezing vortex appears around you.
You kill the iron giant!
Vehumet accepts your kill.
You feel your power returning.
You kill the iron giant!
Vehumet accepts your kill.
You feel your power returning. You block the Tzitzimitl's attack. x2
The iron golem closely misses you. The iron golem misses you.
You feel your dexterity returning.
Your Spellcasting skill increases to level 20! 😨 HP[+1] MP[+1]
Your mp is fully restored (42).
As you read the scroll of teleportation {@r4}, it crumbles to dust.
You feel strangely unstable.
You destroy the iron golem!
Vehumet accepts your kill.
You kill the iron giant!
Vehumet accepts your kill.
A tormentor comes into view.
The Ice Fiend misses you. The Ice Fiend completely misses you.
You block the Tzitzimitl's attack. x3
The Tzitzimitl bites you but does no damage.
The Tzitzimitl gestures at you.
You convulse!
You die...

Skill      XL: |  1  2  3  4  5  6  7  8  9 10 11 12 13 14 15 16 17 18 19 20 21 22 23 24 25 26 27 |
---------------+----------------------------------------------------------------------------------+-----
Conjurations   | 1 2 3 4 5 6 8 9 10 11 12 13 14 16 | 16.0
Earth Magic    | 4 5 6 7 8 9 20 | 20.4
Spellcasting   | 3 4 5 6 8 9 11 12 13 15 16 17 18 20 | 20.0
Fighting       | 1 2 4 6 8 9 10 12 13 14 15 16 18 | 18.4
Armour         | 1 2 4 7 9 10 11 12 13 14 16 | 16.6
Shields        | 1 4 6 9 11 12 13 15 17 18 19 20 21 22 | 22.3
Dodging        | 2 4 5 7 8 9 10 11 13 | 13.3
Fire Magic     | 5 8 11 14 15 16 17 18 19 | 19.4
Axes           | 3 6 8 9 10 11 12 13 14 15 16 18 | 18.0
Ice Magic      | 4 12 13 14 15 16 17 | 17.0
Transmutations | 1 6 10 12 | 12.7
Necromancy     | 1 6 10 15 | 15.5
Stealth        | |  2.1

Action                   |  1- 3 |  4- 6 |  7- 9 | 10-12 | 13-15 | 16-18 | 19-21 | 22-24 | 25-27 || total
-------------------------+-------+-------+-------+-------+-------+-------+-------+-------+-------++-------
Melee: Unarmed           |     9 |    16 |       |       |       |       |       |       |       ||    25
       Halberd           |       |    25 |    49 |     8 |       |       |       |       |       ||    82
       Flail             |       |       |       |    34 |    27 |    59 |    52 |       |       ||   172
       Punch             |       |       |       |       |       |     1 |     2 |       |       ||     3
       Broad axe         |       |       |       |       |       |       |    60 |    42 |   601 ||   703
 Cast: Sandblast         |    43 |    24 |    45 |   238 |   182 |   295 |   187 |    39 |       ||  1053
       Stone Arrow       |     1 |    34 |    84 |   171 |   783 |   552 |   661 |   224 |    38 ||  2548
       Ignition          |       |       |       |       |     6 |   111 |   148 |   134 |   110 ||   509
       Iron Shot         |       |       |       |       |       |    13 |    64 |   162 |   361 ||   600
       Irradiate         |       |       |       |       |       |       |     8 |       |     2 ||    10
       Ozocubu's Refrige |       |       |       |       |       |       |       |    31 |    56 ||    87
       Fire Storm        |       |       |       |       |       |       |       |    13 |   132 ||   145
       Polar Vortex      |       |       |       |       |       |       |       |     6 |    31 ||    37
       Blink             |       |       |       |       |       |       |       |       |     5 ||     5
       Lehudib's Crystal |       |       |       |       |       |       |       |       |   335 ||   335
       Necromutation     |       |       |       |       |       |       |       |       |    50 ||    50
       Shatter           |       |       |       |       |       |       |       |       |    19 ||    19
 Abil: Evoke Blink       |       |       |       |       |       |       |     1 |       |       ||     1
Evoke: Wand              |       |     1 |     7 |     7 |    30 |     7 |     1 |       |     5 ||    58
       Phial of floods   |       |       |       |       |       |     3 |     1 |     1 |     4 ||     9
       Lightning rod     |       |       |       |       |       |     4 |     5 |     6 |     4 ||    19
       Horn of Geryon    |       |       |       |       |       |       |       |       |     1 ||     1
       Phantom mirror    |       |       |       |       |       |       |       |       |     1 ||     1
  Use: Scroll            |       |       |     6 |     7 |    24 |    22 |     9 |    12 |    17 ||    97
       Potion            |       |       |       |       |     7 |     3 |    13 |    15 |    33 ||    71
 Stab: Sleeping          |       |     1 |       |       |       |       |       |       |       ||     1
       Distracted        |       |       |       |       |       |       |       |       |     1 ||     1
Armor: Robe              |    16 |    35 |    47 |   169 |   357 |       |       |    47 |    26 ||   697
       Steam dragon scal |       |       |       |       |     2 |   472 |   447 |    72 |       ||   993
       Acid dragon scale |       |       |       |       |       |       |       |       |   418 ||   418
Dodge: Dodged            |    13 |    23 |    73 |   187 |   374 |   525 |   877 |   184 |   542 ||  2798
Block: Other             |       |       |       |       |       |    65 |    45 |       |       ||   110
       Reflection        |       |       |       |       |       |       |     2 |    19 |    59 ||    80
       Buckler           |       |       |       |       |       |       |       |   137 |   382 ||   519
       Tower shield      |       |       |       |       |       |       |       |       |   341 ||   341

Levels and vault maps discovered:
D:1:      wander_arrival_peaceful_grave, layout_loops_ring,
          basic_ecumenical_altar
D:2:      layout_basic, uniq_jessica
D:3:      layout_loops_corners, okawaru_trees_1, gammafunk_ghost_gnarly_gnolls
D:4:      layout_rooms, gammafunk_ghost_nasty_kobolds, grunt_ministairs_4
D:5:      layout_layer_cave, nicolae_overflow_crystal_walls, uniq_blork_the_orc,
          uniq_eustachio
D:6:      layout_basic, good_gods_temple_1, lemuel_temple_firewalk_a,
          nicolae_shop_self_help, uniq_sigmund, uniq_maggie
D:7:      layout_rooms, kennysheep_generic_room_16
D:8:      layout_loops_corners, nicolae_qazlal_general_emergency,
          evilmike_ruin_ashenzari, nicolae_overflow_hidden_temple,
          minmay_misc_feat_cross, serial_bayou_lagoon_a
D:9:      layout_small_grid, led_xom_imps, dpeg_oklobed_lair, enter_bailey_4,
          minmay_misc_feat_hallway, st_stairs_11, amethyst_killhole,
          minmay_shop_mayhem, nrook_pool_corridor, kennysheep_generic_room_10
D:10:     layout_loops_ring, fedhas_altar_2, zombieorc2_lemuel, hive_lemuel,
          uniq_harold
D:11:     layout_rooms, uniq_grum
D:12:     layout_basic
D:13:     layout_loops_ring, david_vaults_1, chequers_serial_rivers_small_a,
          trog_three_pillars_becter
D:14:     layout_stronghold, minmay_tree_intersection
D:15:     hangedman_depths_entry_try_elsewhere_first, layout_small_grid,
          lemuel_coloured_pillars_altar, minmay_increasing_density
Temple:   minmay_temple_curvy_loop
Lair:1:   layout_cave_pods, portal_ice_cave_demonic_guard
Lair:2:   layout_regular_city, nicolae_volcano_entry_s_turn
Lair:3:   layout_cave_pods, ebering_ghost_disaster_area, grunt_megastairs_3
Lair:4:   layout_regular_city, skrybe_swamp_entry_bodies,
          spider_nest_entry_rubble
Lair:5:   layout_roguey, infiniplex_staircase_pool_2, grunt_megastairs_4,
          uniq_rupert, uniq_nessos
Lair:6:   gammafunk_lair_ancient_temple, layout_cave_pods,
          minmay_slime_entry_oklob_open
Swamp:1:  layout_basic_swamp, evilmike_swamp_ruin_house_5
Swamp:2:  layout_basic_swamp, gammafunk_ghost_split, nicolae_swamp_oxbows,
          swamp_pool3, nicolae_swamp_dragon_and_kin
Swamp:3:  layout_basic_swamp, evilmike_swamp_ruin_house_4, swamp_pool4,
          nicolae_swamp_treefoil
Swamp:4:  swamp_fiery, layout_basic_swamp, swamp_pool1,
          infiniplex_staircase_pool
Spider:1: layout_spider_delve, gammafunk_ghost_necromancy
Spider:2: layout_spider_delve, special_room [special_room_bee],
          gammafunk_ghost_mausoleum, drop_trap
Spider:3: layout_spider_delve, spiders_nest_hornet_nest
Spider:4: guppyfry_spider_rune
Slime:1:  layout_caves
Slime:2:  layout_caves
Slime:3:  layout_caves
Slime:4:  layout_caves, special_room [special_room_jelly]
Slime:5
Orc:1:    layout_diamond_mine, uniq_josephine
Orc:2:    st_orc_town, layout_caves, uniq_azrael
Elf:1:    eino_elf_arrival_sip, layout_loops_corners, hangedman_elf_represent,
          drop_trap, serial_sigils_hangedman_leer, uniq_agnes
Elf:2:    elven_hall_of_blades_hangedman_original [nicolae_blade_little_rooms],
          layout_onion_city, serial_shops, nicolae_diamond_shop, minivault_19,
          nicolae_elf_big_sculpture_3, nicolae_concentric_dashed_squares_mild,
          item_on_display_a
Elf:3:    minmay_elf_hall_circle, layout_rooms, gammafunk_ghost_ooze
Vaults:1: v_misc_15, v_rooms_4, vaults_room_grid, v_misc_19,
          nicolae_vaults_theta, hangedman_vaults_slither, hangedman_vaults_trim,
          ontoclasm_vaults_idyll, nicolae_vaults_circle_grid_a,
          hangedman_vaults_corner_blocks, vaults_dpeg_ring, v_misc_19,
          vaults_room_fours, layout_vaults_omnicross
Vaults:2: portal_desolation_entry_garden, vaults_room_hallway,
          minmay_crypt_entry_simple_round, ontoclasm_vaults_spin,
          nicolae_vaults_asterisk, nicolae_vaults_three_branches, v_misc_15,
          vaults_mumra_hex, hangedman_vaults_nails, v_misc_26,
          ontoclasm_vaults_tryst, vaults_room_grid, vaults_room_pools,
          v_alt_pattern_2, layout_vaults_maze_snakey
Vaults:3: hangedman_vaults_snaps, vaults_room_hallway,
          nicolae_vaults_quartermaster, v_pattern_1,
          hangedman_vaults_restitches, ontoclasm_vaults_gateway,
          nicolae_vaults_big_ls, vaults_room_door_ring, ontoclasm_vaults_eye,
          vaults_dpeg_diagonal, vaults_dpeg_cross, layout_vaults_quadrants
Vaults:4: hangedman_vaults_corner_blocks, vaults_dpeg_encased_lava,
          nicolae_vaults_angled_halls, nicolae_vaults_back_hallway,
          nicolae_vaults_octagons, vaults_room_stairs_pillars, v_misc_10,
          nicolae_vaults_border_crossing, hangedman_vaults_stretched_pinwheel,
          v_pattern_5, hangedman_vaults_stagger, ontoclasm_vaults_ligature,
          v_misc_17, v_misc_27, layout_vaults_ring, serial_shops,
          nicolae_diamond_shop, uniq_mara, uniq_bai_suzhen
Vaults:5: uniq_margery
Crypt:1:  layout_chaotic_city, ebering_ghost_gozag, basic_altar,
          amcnicky_mini_corridor_feature, lemuel_nasty_fountain
Depths:1: layout_basic, enter_ziggurat_a, grunt_gozag_breadcrumbs,
          enter_trove_5, rand_demon_pan_entry_4, ebering_ghost_inner_flame,
          hell_entry, drop_trap, serial_bayou_shore_b
Depths:2: minmay_skeletal_surprise, layout_gridlike, grunt_hell_entry_dis_grunt,
          pan_entry, small_statue_intersection, serial_shops, bzr_entry_road,
          grunt_ministairs_8, infiniplex_staircase_pillars_2, uniq_josephina
Depths:3: giant_chief_lemuel, layout_long_grid, infiniplex_staircase_zigzag_4,
          hell_entry, serial_shops, bzr_entry_islet, abyss_entry,
          grunt_megastairs_2, serial_bayou_shore_b, uniq_enchantress,
          uniq_parghit
Depths:4: grunt_zot_entry_pinwheel, layout_basic, nrook_mini_backslash,
          pf_hell_entry_tar_river, dancing_weapons_uskayaw
Hell
Dis:1:    layout_jigsaw, nicolae_dis_emergency_hatch
Dis:2:    layout_gridville
Dis:3:    layout_gridville, nicolae_dis_having_a_grate_time
Dis:4:    layout_gridville, door_vault
Geh:1:    layout_gehenna_pools_box
Coc:1:    layout_cocytus_delve
Coc:2:    layout_ice_bergs
Coc:3:    layout_cocytus_delve
Coc:4:    nicolae_hells_titanomachy
Coc:5:    nicolae_coc_through_the_icewall, layout_cocytus_delve
Coc:6:    layout_cocytus_delve
Coc:7:    coc_mu
Zot:1:    layout_basic
Zot:2:    ebering_klown_carousel, layout_gridlike,
          gammafunk_ghost_abyssal_escape
Zot:3:    layout_twisted_circle
Zot:4:    layout_misc_corridors, hellmonk_ghost_happy_afterlife,
          lemuel_flame_loot_1
Zot:5:    layout_twisted_circle

Notes
Turn   | Place    | Note
-------+----------+-------------------------------------------
     0 | D:1      | lfo the Gargoyle Earth Elementalist began the quest for the
                  | Orb.
     0 | D:1      | Reached XP level 1. HP: 10/10 MP: 3/3
     0 | D:1      | magus.rc [v1.11.3]
   120 | D:1      | Reached XP level 2. HP: 15/15 MP: 3/5
   125 | D:1      | Reached skill level 1 in Conjurations
   262 | D:1      | Reached skill level 4 in Earth Magic
   506 | D:1      | Reached XP level 3. HP: 19/19 MP: 4/6
   540 | D:1      | Found a faded altar of an unknown god.
   893 | D:1      | Learned a level 3 spell: Stone Arrow
  1276 | D:2      | Reached skill level 2 in Conjurations
  1515 | D:2      | Noticed Jessica
  1516 | D:2      | Killed Jessica
  1517 | D:2      | Reached XP level 4. HP: 24/24 MP: 5/7
  2019 | D:3      | Found a transporter.
  2399 | D:3      | Found an iron altar of Okawaru.
  2521 | D:3      | Identified the +1 robe of the Hurricane {+Inv rN+ Str+4}
  2588 | D:3      | Found a transporter.
  2764 | D:3      | Noticed Vorhees's ghost (amateur DjNe)
  2829 | D:3      | Reached skill level 3 in Conjurations
  2829 | D:3      | Reached skill level 5 in Earth Magic
  2829 | D:3      | Reached XP level 5. HP: 28/28 MP: 5/9
  3415 | D:4      | Reached skill level 3 in Spellcasting
  3550 | D:4      | Reached XP level 6. HP: 32/32 MP: 6/10
  3550 | D:4      | Noticed a sky beast
  3784 | D:4      | Killed a sky beast
  3785 | D:4      | Reached skill level 4 in Conjurations
  3785 | D:4      | Reached skill level 6 in Earth Magic
  4354 | D:4      | Found a runed translucent gate.
  4354 | D:4      | Found a runed translucent gate.
  4354 | D:4      | Found a runed translucent gate.
  4355 | D:4      | Noticed kMk's ghost (novice OgNe)
  4573 | D:5      | Entered Level 5 of the Dungeon
  4733 | D:5      | Found a hazy altar of Hepliaklqana.
  4766 | D:5      | Reached skill level 1 in Fighting
  4766 | D:5      | Reached XP level 7. HP: 38/38 MP: 5/12
  5041 | D:5      | Noticed Blork the orc
  5050 | D:5      | Killed Blork the orc
  5185 | D:5      | Reached skill level 2 in Fighting
  5311 | D:5      | Reached skill level 5 in Conjurations
  5352 | D:5      | Noticed Eustachio
  5354 | D:5      | Reached skill level 4 in Spellcasting
  5389 | D:5      | Killed Eustachio
  5390 | D:5      | Reached skill level 7 in Earth Magic
  5390 | D:5      | Reached XP level 8. HP: 45/45 MP: 2/14
  5539 | D:5      | Reached skill level 3 in Fighting
  5813 | D:5      | You pick up a book of Burglary and begin reading...
  5813 | D:5      | You add the spells Ensorcelled Hibernation and Swiftness to
                  | your library.
  6376 | D:6      | Noticed Sigmund
  6378 | D:6      | Killed Sigmund
  6564 | D:6      | Found Ytenehan's Self-Improvement Boutique.
  6579 | D:6      | Reached skill level 4 in Fighting
  6579 | D:6      | Reached skill level 6 in Conjurations
  6800 | D:6      | Reached skill level 5 in Spellcasting
  6885 | D:6      | You pick up a book of Dreams and begin reading...
  6885 | D:6      | You add the spells Spider Form and Anguish to your library.
  6939 | D:6      | Found a staircase to the Ecumenical Temple.
  6948 | Temple   | Entered the Ecumenical Temple
  7159 | Temple   | Became a worshipper of Vehumet
  7237 | D:6      | Reached skill level 8 in Earth Magic
  7369 | D:6      | Reached XP level 9. HP: 51/52 MP: 4/16
  7479 | D:6      | Found a glowing golden altar of the Shining One.
  7479 | D:6      | Found a glowing silver altar of Zin.
  7480 | D:6      | Found a white marble altar of Elyvilon.
  7752 | D:6      | Noticed Maggie
  7757 | D:6      | Killed Maggie
  7758 | D:6      | Reached skill level 5 in Fighting
  8174 | D:7      | Reached skill level 7 in Conjurations
  8415 | D:7      | Identified the amulet of Tuheuzeu {Acrobat Slay+3}
  8610 | D:7      | You fall into a shaft and drop 1 floor!
  8613 | D:8      | Found a stormy altar of Qazlal.
  8635 | D:8      | Reached skill level 9 in Earth Magic
  8636 | D:8      | Reached skill level 6 in Spellcasting
  8640 | D:8      | Reached * piety under Vehumet
  8640 | D:8      | Offered knowledge of Magic Dart by Vehumet.
  8656 | D:8      | Noticed a two-headed ogre
  8707 | D:7      | Reached skill level 6 in Fighting
  9027 | D:7      | Reached skill level 8 in Conjurations
  9177 | D:7      | Reached XP level 10. HP: 61/61 MP: 6/19
  9195 | D:7      | Reached skill level 7 in Fighting
  9587 | D:8      | Found a broken altar of Ashenzari.
  9672 | D:8      | Reached skill level 7 in Spellcasting
  9929 | D:8      | Killed a two-headed ogre
  9930 | D:8      | Reached skill level 9 in Conjurations
 10017 | D:8      | Reached skill level 8 in Fighting
 10236 | D:8      | Found an opulent altar of Gozag.
 10243 | D:8      | Found a burning altar of Makhleb.
 10351 | D:8      | Identified the +7 flail "Apruturch" {vorpal, Will+ MP+9}
 10651 | D:8      | Offered knowledge of Searing Ray by Vehumet.
 10790 | D:9      | Found Riyc's Mayhem Merchandise.
 10874 | D:9      | Reached ** piety under Vehumet
 10999 | D:9      | Found a staircase to the Lair.
 11159 | D:9      | Found a shimmering altar of Xom.
 11164 | D:9      | Reached skill level 1 in Armour
 11165 | D:9      | Reached skill level 1 in Shields
 11299 | D:9      | Reached skill level 2 in Dodging
 11299 | D:9      | Reached skill level 8 in Spellcasting
 11383 | D:9      | Reached XP level 11. HP: 69/69 MP: 23/23
 11407 | D:9      | Found a flagged portal.
 11416 | Bailey   | Entered a bailey
 11708 | Bailey   | Reached skill level 10 in Conjurations
 11741 | Bailey   | Noticed a two-headed ogre
 11745 | Bailey   | Killed a two-headed ogre
 11746 | Bailey   | Reached skill level 2 in Armour
 11746 | Bailey   | Reached skill level 2 in Shields
 11810 | Bailey   | Identified the +11 short sword of Nauwups {freeze, rPois}
 11880 | Bailey   | Offered knowledge of Inner Flame by Vehumet.
 11934 | Bailey   | Identified the +4 great sword of the Lesser Evil {vorpal,
                  | rPois Stlth+}
 12093 | D:9      | Noticed a centaur warrior
 12115 | D:9      | Killed a centaur warrior
 12116 | D:9      | Reached skill level 1 in Fire Magic
 12462 | D:10     | Entered Level 10 of the Dungeon
 12462 | D:10     | Found a blossoming altar of Fedhas.
 12567 | D:10     | Reached skill level 3 in Shields
 12567 | D:10     | Reached skill level 2 in Fire Magic
 12613 | D:10     | Reached *** piety under Vehumet
 12651 | D:10     | Found a staircase to the Orcish Mines.
 12658 | D:10     | Offered knowledge of Flame Wave by Vehumet.
 12898 | D:10     | Reached skill level 9 in Spellcasting
 12898 | D:10     | Reached skill level 3 in Fire Magic
 12942 | D:10     | Noticed Harold
 12949 | D:10     | Killed Harold
 13598 | D:10     | Identified the +2 pair of gloves of an ossuary {Int+3}
 13771 | Lair:1   | Entered Level 1 of the Lair of Beasts
 13781 | Lair:1   | Reached skill level 4 in Shields
 13781 | Lair:1   | Reached skill level 4 in Fire Magic
 13826 | Lair:1   | Reached **** piety under Vehumet
 14120 | Lair:1   | Found a frozen archway.
 14127 | Lair:1   | Reached skill level 5 in Fire Magic
 14127 | Lair:1   | Reached XP level 12. HP: 75/75 MP: 23/25
 14676 | Lair:1   | Reached skill level 5 in Shields
 14676 | Lair:1   | Reached skill level 10 in Spellcasting
 14728 | Lair:1   | Noticed an eight-headed hydra
 14734 | Lair:1   | Killed an eight-headed hydra
 15087 | Lair:1   | Noticed a six-headed hydra
 15094 | Lair:1   | Killed a six-headed hydra
 15095 | Lair:1   | Reached skill level 6 in Fire Magic
 15302 | Lair:1   | You pick up a book of Rime and begin reading...
 15302 | Lair:1   | You add the spells Frozen Ramparts, Ice Form and Summon Ice
                  | Beast to your library.
 15527 | Lair:2   | Offered knowledge of Iskenderun's Battlesphere by Vehumet.
 15822 | Lair:2   | Reached skill level 7 in Fire Magic
 15872 | Lair:2   | Reached skill level 6 in Shields
 16299 | Lair:2   | Reached skill level 11 in Spellcasting
 16881 | Lair:3   | Reached skill level 8 in Fire Magic
 16962 | Lair:3   | Reached ***** piety under Vehumet
 17084 | Lair:3   | Reached XP level 13. HP: 69/79 MP: 26/28
 17146 | Lair:3   | Found a large runed translucent door.
 17146 | Lair:3   | Found a large runed translucent door.
 17148 | Lair:3   | Noticed dezertu's ghost (journeyman DEAM)
 17534 | Lair:3   | Reached skill level 7 in Shields
 17728 | Lair:3   | You pick up a book of Armaments and begin reading...
 17728 | Lair:3   | You add the spells Animate Armour and Lehudib's Crystal
                  | Spear to your library.
 18172 | Lair:3   | Reached skill level 9 in Fire Magic
 18288 | Lair:3   | Offered knowledge of Lee's Rapid Deconstruction by Vehumet.
 18874 | Lair:4   | Found a hole to the Spider Nest.
 18882 | Lair:4   | Reached skill level 12 in Spellcasting
 18944 | Lair:4   | Identified the +1 chain mail of the Sturgeon {+Inv rC+}
 19440 | Lair:4   | HP: 17/79 [blink frog (12)]
 19443 | Lair:4   | HP: 1/79 [blink frog (13)]
 19451 | Lair:4   | Reached skill level 8 in Shields
 19524 | Lair:4   | Reached skill level 10 in Fire Magic
 19672 | Lair:4   | Found a staircase to the Swamp.
 20597 | Lair:5   | Reached skill level 11 in Fire Magic
 20626 | Lair:5   | Reached skill level 9 in Shields
 20849 | Lair:5   | Noticed Rupert
 20857 | Lair:5   | HP: 14/79 [Rupert/+2 battleaxe of flaming (14)]
 20863 | Lair:5   | Offered knowledge of Freezing Cloud by Vehumet.
 20863 | Lair:5   | Killed Rupert
 21173 | Lair:5   | Gained mutation: Your large and strong wings let you fly.
                  | [Gargoyle growth]
 21173 | Lair:5   | Reached XP level 14. HP: 84/84 MP: 27/30
 21273 | Lair:5   | You add the spells Beastly Appendage and Lee's Rapid
                  | Deconstruction to your library.
 21273 | Lair:5   | Got Roxanne's Volume of the Mountains and Moulding
 21313 | Lair:5   | Noticed Nessos
 21333 | Lair:5   | Killed Nessos
 21552 | Lair:5   | Reached skill level 12 in Fire Magic
 22030 | Lair:6   | Entered Level 6 of the Lair of Beasts
 22228 | Lair:5   | Reached skill level 10 in Shields
 22881 | Lair:6   | Noticed a dire elephant
 22894 | Lair:6   | Killed a dire elephant
 23211 | Lair:6   | Reached skill level 13 in Fire Magic
 24435 | Lair:6   | You add the spells Sting, Poisonous Vapours and Olgreb's
                  | Toxic Radiance to your library.
 24695 | Lair:6   | Found a staircase to the Slime Pits.
 24966 | Orc:1    | Entered Level 1 of the Orcish Mines
 24966 | Orc:1    | Noticed an orc warlord
 25208 | Orc:1    | Reached skill level 11 in Shields
 25564 | D:10     | Killed an orc warlord
 25763 | Orc:1    | Noticed an orc warlord
 25783 | Orc:1    | Noticed Josephine
 25784 | Orc:1    | Killed an orc warlord
 25796 | Orc:1    | Reached skill level 14 in Fire Magic
 25803 | Orc:1    | Killed Josephine
 26534 | Orc:2    | Entered Level 2 of the Orcish Mines
 26534 | Orc:2    | Noticed Azrael
 26844 | Orc:2    | Offered knowledge of Lightning Bolt by Vehumet.
 27628 | Orc:2    | Reached XP level 15. HP: 89/89 MP: 31/31
 27788 | Orc:2    | Found a staircase to the Elven Halls.
 28566 | Orc:2    | Found Utir's Book Boutique.
 28566 | Orc:2    | Found Varov's Weapon Shoppe.
 28580 | Orc:2    | Bought 14 stones for 22 gold pieces
 28580 | Orc:2    | Bought 9 stones for 14 gold pieces
 28580 | Orc:2    | Bought 20 stones for 32 gold pieces
 28646 | Orc:2    | Reached skill level 12 in Shields
 28666 | Orc:2    | Killed Azrael
 28667 | Orc:2    | Reached skill level 15 in Fire Magic
 29157 | Orc:2    | Found Hutwuv's Weapon Boutique.
 29157 | Orc:2    | Found Zamomm's Armour Shoppe.
 29161 | Orc:2    | Bought 25 stones for 35 gold pieces
 29420 | D:9      | Bought the Unrestrained Analects for 616 gold pieces
 29420 | D:9      | You add the spells Ozocubu's Refrigeration and Ignition to
                  | your library.
 29429 | D:9      | Learned a level 8 spell: Ignition
 29568 | D:3      | Killed Vorhees's ghost
 29576 | D:3      | Offered knowledge of Eringya's Noxious Bog by Vehumet.
 30215 | D:11     | Noticed Grum
 30228 | D:11     | Killed Grum
 30919 | D:12     | Identified the ring "Joonleog" {+Blink rC+++ EV+4 Int+3}
 31159 | D:12     | Reached skill level 3 in Armour
 31254 | D:12     | Reached skill level 3 in Dodging
 32184 | D:13     | Reached skill level 9 in Fighting
 32359 | D:13     | Found a bloodstained altar of Trog.
 32654 | D:13     | Found a gate to the Vaults.
 33256 | D:13     | magus.rc [v1.11.3]
 33282 | D:14     | Reached skill level 4 in Armour
 33502 | D:14     | Identified the +1 scale mail of the Realm of Zot {Regen+
                  | Str+3 Int-4}
 33553 | D:14     | Offered knowledge of Orb of Destruction by Vehumet.
 34032 | D:14     | Found the +3 warlock's mirror {reflect}
 34276 | D:15     | Entered Level 15 of the Dungeon
 34518 | D:15     | Reached skill level 4 in Dodging
 34518 | D:15     | Reached XP level 16. HP: 96/96 MP: 32/32
 34713 | D:15     | You pick up a book of the Tundra and begin reading...
 34713 | D:15     | You add the spells Hailstorm and Simulacrum to your
                  | library.
 34921 | D:15     | Reached skill level 5 in Armour
 34921 | D:15     | Reached skill level 16 in Fire Magic
 35531 | D:15     | Found a bloodstained altar of Trog.
 35614 | D:15     | Found a staircase to the Depths.
 36165 | D:6      | Bought a manual of Spellcasting for 960 gold pieces
 36339 | Swamp:1  | Entered Level 1 of the Swamp
 36360 | Lair:4   | Reached skill level 13 in Shields
 36474 | Swamp:1  | Reached skill level 10 in Fighting
 37081 | Swamp:1  | Reached skill level 6 in Armour
 37090 | Swamp:1  | Reached skill level 13 in Spellcasting
 37445 | Swamp:2  | Reached skill level 5 in Dodging
 37732 | Swamp:2  | Found a runed translucent gate.
 37733 | Swamp:2  | Found a runed translucent gate.
 37734 | Swamp:2  | Found a runed translucent gate.
 37734 | Swamp:2  | Noticed a tentacled monstrosity
 37736 | Swamp:2  | Noticed a fenstrider witch
 37736 | Swamp:2  | Noticed Stil's ghost (journeyman DsTm)
 37738 | Swamp:2  | Noticed a thorn hunter
 37931 | Swamp:2  | Identified the ring "Xyqiafef" {rF+ rN++ AC+4 Int-4}
 38143 | Swamp:2  | You pick up a book of Blood and begin reading...
 38143 | Swamp:2  | You add the spells Wereblood and Summon Hydra to your
                  | library.
 38343 | Swamp:2  | Identified the +2 ring mail of Untold Secrets {Rampage
                  | Int+2}
 38637 | Swamp:2  | Identified a scroll of acquirement
 38640 | Swamp:2  | Acquired 830 gold pieces
 38855 | D:6      | Bought a manual of Shields for 960 gold pieces
 39104 | Swamp:3  | Reached skill level 1 in Axes
 39202 | Swamp:3  | Offered knowledge of Fireball by Vehumet.
 39203 | Swamp:3  | Reached skill level 7 in Armour
 39655 | Swamp:3  | Noticed a tentacled monstrosity
 39665 | Swamp:3  | Killed a tentacled monstrosity
 39666 | Swamp:3  | Reached skill level 2 in Axes
 39873 | Swamp:3  | You add the spells Malign Gateway and Summon Horrible
                  | Things to your library.
 40572 | Spider:1 | Entered Level 1 of the Spider Nest
 40580 | Spider:1 | Reached skill level 3 in Axes
 40580 | Spider:1 | Reached XP level 17. HP: 102/104 MP: 34/34
 40583 | Spider:1 | Reached skill level 11 in Fighting
 40583 | Spider:1 | Reached skill level 14 in Shields
 40587 | Spider:1 | Reached skill level 6 in Dodging
 41166 | Spider:1 | Found a runed translucent gate.
 41167 | Spider:1 | Found a runed translucent gate.
 41167 | Spider:1 | Found a runed translucent gate.
 41172 | Spider:1 | Noticed Johiy's ghost (adept MiFi)
 41219 | Spider:2 | Reached skill level 14 in Spellcasting
 41222 | Spider:2 | Reached skill level 4 in Axes
 41915 | Spider:2 | Reached skill level 8 in Armour
 41933 | Spider:2 | Offered knowledge of Iron Shot by Vehumet.
 41942 | Spider:2 | Learned a level 6 spell: Iron Shot
 42056 | Spider:2 | Reached skill level 5 in Axes
 42421 | Spider:2 | Found a transporter.
 42422 | Spider:2 | Noticed SlaveLabor's ghost (journeyman DrIE)
 42424 | Spider:2 | Found a transporter.
 42859 | Spider:3 | Reached ****** piety under Vehumet
 42942 | Spider:3 | Reached skill level 15 in Shields
 43376 | Spider:4 | Entered Level 4 of the Spider Nest
 43570 | Spider:2 | HP: 23/106 [something (9)]
 44014 | Swamp:4  | Entered Level 4 of the Swamp
 44069 | Swamp:4  | Reached skill level 6 in Axes
 44489 | Swamp:4  | Reached skill level 7 in Dodging
 44769 | Swamp:4  | Reached skill level 12 in Fighting
 44771 | Swamp:4  | Offered knowledge of Fire Storm by Vehumet.
 44771 | Swamp:4  | Offered knowledge of Chain Lightning by Vehumet.
 44771 | Swamp:4  | Offered knowledge of Maxwell's Capacitive Coupling by
                  | Vehumet.
 44862 | Swamp:4  | Reached skill level 9 in Armour
 44862 | Swamp:4  | Reached skill level 15 in Spellcasting
 44862 | Swamp:4  | Reached XP level 18. HP: 92/112 MP: 21/37
 44864 | Swamp:4  | Reached skill level 7 in Axes
 45661 | Swamp:4  | Got a decaying rune of Zot
 46298 | Lair:5   | HP: 21/112 [something (11)]
 46749 | Spider:3 | Reached skill level 16 in Shields
 46974 | Spider:3 | HP: 21/112 [radroach (64)]
 47459 | Spider:4 | You pick up a book of the Senses and begin reading...
 47459 | Spider:4 | You add the spells Dazzling Flash, Agony and Silence to
                  | your library.
 47471 | Spider:4 | You pick up a book of Ice and begin reading...
 47471 | Spider:4 | You add the spells Freezing Cloud and Polar Vortex to your
                  | library.
 47510 | Spider:4 | Identified the +1 leather armour of Dim Light {rC++ Dex-5}
 47618 | Spider:4 | Identified the +2 robe "Ilasoiri" {rPois rC- Dex+6}
 47620 | Spider:4 | You add the spells Conjure Flame, Ignite Poison and Sticky
                  | Flame to your library.
 47985 | Spider:4 | Reached skill level 8 in Axes
 48636 | Elf:1    | Entered Level 1 of the Elven Halls
 49093 | Elf:1    | You are sucked into a shaft and drop 1 floor!
 49672 | Elf:1    | Noticed Agnes
 50186 | Elf:1    | Killed Agnes
 50187 | Elf:1    | Reached skill level 10 in Armour
 50331 | Elf:1    | You pick up a book of Spectacle and begin reading...
 50331 | Elf:1    | You add the spells Iskenderun's Mystic Blast and Starburst
                  | to your library.
 50505 | Elf:1    | Learned a level 9 spell: Polar Vortex
 50513 | Elf:1    | Learned a level 7 spell: Ozocubu's Refrigeration
 50674 | D:6      | Bought a manual of Ice Magic for 960 gold pieces
 50902 | Elf:2    | Reached skill level 1 in Ice Magic
 51016 | Elf:2    | Found Pontocuu's Weapon Boutique.
 51058 | Elf:2    | Reached skill level 2 in Ice Magic
 51315 | Elf:2    | Reached skill level 3 in Ice Magic
 51321 | Elf:2    | Found a runed translucent gate.
 51321 | Elf:2    | Found a runed translucent gate.
 51321 | Elf:2    | Found a runed translucent gate.
 51488 | Elf:2    | Reached skill level 17 in Shields
 51489 | Elf:2    | Reached skill level 16 in Spellcasting
 51489 | Elf:2    | Reached skill level 4 in Ice Magic
 51490 | Elf:2    | Reached XP level 19. HP: 97/118 MP: 14/39
 51936 | Elf:2    | Learned a level 9 spell: Fire Storm
 51995 | Elf:2    | Reached skill level 5 in Ice Magic
 52368 | Elf:2    | Reached skill level 6 in Ice Magic
 52725 | Elf:2    | Reached skill level 7 in Ice Magic
 52957 | Orc:2    | Bought a book of Alchemy for 392 gold pieces
 52957 | Orc:2    | You pick up a book of Alchemy and begin reading...
 52963 | Orc:2    | Learned a level 5 spell: Irradiate
 53408 | Spider:4 | Reached skill level 8 in Ice Magic
 53566 | Spider:4 | Got a gossamer rune of Zot
 54029 | Vaults:1 | Entered Level 1 of the Vaults
 54043 | Vaults:1 | Reached skill level 9 in Ice Magic
 54074 | Vaults:1 | Reached skill level 18 in Shields
 54344 | Vaults:1 | Reached skill level 10 in Ice Magic
 55045 | Vaults:1 | Reached skill level 11 in Ice Magic
 55745 | Vaults:1 | Reached skill level 17 in Spellcasting
 55809 | Vaults:1 | Reached skill level 12 in Ice Magic
 56102 | Vaults:2 | Found a crumbling gateway.
 56110 | Desolati | Entered the Desolation of Salt
 56130 | Desolati | Reached skill level 8 in Dodging
 56285 | Desolati | Identified the +4 flail of Discord {drain, rElec rF- Str+5}
 56287 | Desolati | Identified the +8 hand axe "Lofo" {flame, Dex+2}
 56312 | Desolati | You add the spells Mephitic Cloud and Portal Projectile to
                  | your library.
 56312 | Desolati | Got the Compendium of Spatial Contamination
 56319 | Desolati | You pick up a book of the Spheres and begin reading...
 56319 | Desolati | You add the spells Iskenderun's Battlesphere, Fireball,
                  | Conjure Ball Lightning and Orb of Destruction to your
                  | library.
 56352 | Desolati | Reached skill level 9 in Axes
 56352 | Desolati | Reached skill level 11 in Conjurations
 56400 | Desolati | Reached XP level 20. HP: 122/124 MP: 40/41
 56532 | Desolati | Reached skill level 13 in Fighting
 56864 | Desolati | You pick up a book of Displacement and begin reading...
 56864 | Desolati | You add the spells Lesser Beckoning, Gell's Gravitas and
                  | Teleport Other to your library.
 56866 | Desolati | You add the spells Shock and Fulminant Prism to your
                  | library.
 56866 | Desolati | Got the Compendium of Arcane Weapons
 56869 | Desolati | You pick up a book of the Wilderness and begin reading...
 56869 | Desolati | You add the spells Summon Forest, Summon Mana Viper and
                  | Summon Cactus Giant to your library.
 56871 | Desolati | Got the Disquisition on Displacement and the Glacier
 56872 | Desolati | Identified the +2 great sword of Dried Tears {freeze, rN+}
 56875 | Desolati | You add the spells Inner Flame, Yara's Violent Unravelling
                  | and Death Channel to your library.
 56875 | Desolati | Got the Tome of Stolen Souls and Glamour
 57133 | Desolati | Identified the +7 trident of Day {vorpal, Contam rElec rC+
                  | Str+3}
 57493 | Vaults:2 | Paralysed by a great orb of eyes for 2 turns
 57977 | Vaults:2 | HP: 29/124 [ironbound thunderhulk/bolt of lightning (14)]
 58186 | Vaults:2 | You pick up a book of Beasts and begin reading...
 58643 | Vaults:2 | Reached skill level 10 in Axes
 58803 | Vaults:2 | Found a staircase to the Crypt.
 58886 | Vaults:2 | Reached skill level 13 in Ice Magic
 58932 | Vaults:2 | Reached skill level 19 in Shields
 59226 | Vaults:2 | HP: 27/125 [yaktaur captain/bolt (21)]
 60162 | Vaults:3 | Reached skill level 11 in Armour
 60179 | Vaults:3 | Reached XP level 21. HP: 91/131 MP: 8/42
 61085 | Vaults:3 | Reached skill level 12 in Conjurations
 61098 | Vaults:3 | Reached skill level 9 in Dodging
 61606 | Vaults:3 | You pick up a book of Winter and begin reading...
 61606 | Vaults:3 | You add the spells Ozocubu's Armour and Metabolic
                  | Englaciation to your library.
 61913 | Vaults:3 | Reached skill level 11 in Axes
 61918 | Vaults:3 | Reached skill level 17 in Fire Magic
 62434 | Vaults:3 | Reached skill level 14 in Fighting
 62593 | Vaults:4 | Found Pocsuont's Weapon Shoppe.
 62862 | Vaults:4 | Noticed Bai Suzhen
 62891 | Vaults:4 | Killed Bai Suzhen
 62892 | Vaults:4 | Reached skill level 14 in Ice Magic
 63075 | Vaults:4 | You pick up a book of Transfigurations and begin reading...
 63075 | Vaults:4 | You add the spells Blade Hands and Dragon Form to your
                  | library.
 63251 | Vaults:4 | Identified the +0 broad axe "Gaess" {vorpal, rCorr Str+4
                  | Int+9 Dex-2}
 63259 | Vaults:4 | Noticed Mara
 63267 | Vaults:4 | Noticed lfo's illusion
 63267 | Vaults:4 | Killed Mara
 63722 | Vaults:4 | Paralysed by a sphinx for 3 turns
 63924 | Vaults:4 | You are cast into the Abyss!
 63924 | Vaults:4 | Cast into level 2 of the Abyss (a wizard)
 63928 | Abyss:2  | Found a corrupted altar of Lugonu.
 64786 | Vaults:4 | You pass through the gate.
 64786 | Vaults:4 | Escaped the Abyss
 65971 | Vaults:4 | Reached XP level 22. HP: 121/138 MP: 37/43
 66733 | Elf:3    | Entered Level 3 of the Elven Halls
 66793 | Elf:3    | Found a runed translucent gate.
 66793 | Elf:3    | Found a runed translucent gate.
 66794 | Elf:3    | Found a runed translucent gate.
 66794 | Elf:3    | Noticed dezertu's ghost (adept SpHu)
 66798 | Elf:3    | Found a viscous altar of Jiyva.
 66826 | Elf:3    | Reached skill level 12 in Armour
 66829 | Elf:3    | Reached skill level 12 in Axes
 67122 | Elf:3    | Identified the ring of Wisdom {*Corrode rPois rF+ Str+7
                  | Dex+2}
 67128 | Elf:3    | Identified the amulet "Seufraul" {Regen+ Stlth+}
 67157 | Elf:3    | Identified the +7 falchion of the Pit {elec, rCorr MP+9}
 67223 | Elf:3    | Identified the ring "Numikhimn" {Drain rC+ rCorr Slay+2}
 67234 | Elf:3    | You pick up a book of the Sky and begin reading...
 67234 | Elf:3    | You add the spells Summon Lightning Spire, Storm Form and
                  | Maxwell's Capacitive Coupling to your library.
 67258 | Elf:3    | Got the Incunabulum of Flames and Lightness
 67267 | Elf:3    | You pick up a book of Scorching and begin reading...
 67274 | Elf:3    | Identified the +1 plate armour of Gurredd {rN+ MP+9}
 67361 | Elf:3    | Identified the -2 helmet of Zigoav {+Inv rC- Int+5 Stlth+}
 67377 | Elf:3    | Identified the +2 cloak of the Hairy God {Dex+3}
 67680 | Elf:3    | You are cast into the Abyss!
 67680 | Elf:3    | Cast into level 2 of the Abyss (a deep elf demonologist)
 67883 | Abyss:2  | Found a bloodstained altar of Trog.
 67992 | Elf:3    | You pass through the gate.
 67992 | Elf:3    | Escaped the Abyss
 68041 | Elf:3    | Reached skill level 13 in Conjurations
 68106 | Elf:3    | Reached skill level 18 in Spellcasting
 68670 | D:4      | Killed kMk's ghost
 68940 | Lair:3   | Killed dezertu's ghost
 69124 | Lair:6   | Reached skill level 10 in Dodging
 69280 | Swamp:2  | Killed Stil's ghost
 69445 | Spider:1 | Killed Johiy's ghost
 69450 | Spider:1 | Identified the +0 pair of gloves of the Blue Moon {Dex+3}
 69647 | Spider:2 | Killed SlaveLabor's ghost
 70057 | D:6      | Bought a manual of Earth Magic for 960 gold pieces
 70285 | Slime:1  | Entered Level 1 of the Pits of Slime
 70879 | Slime:2  | Gained mutation: Armour fits poorly on your strangely
                  | shaped body. [a shining eye]
 70882 | Slime:2  | Reached skill level 15 in Fighting
 71083 | Slime:3  | Reached XP level 23. HP: 144/144 MP: 36/45
 71084 | Slime:3  | Reached skill level 13 in Axes
 71084 | Slime:3  | Reached skill level 20 in Shields
 71595 | Slime:5  | Entered Level 5 of the Pits of Slime
 71618 | Slime:5  | Found a viscous altar of Jiyva.
 71619 | Slime:5  | Noticed the Royal Jelly
 71622 | Slime:5  | Reached skill level 15 in Ice Magic
 71625 | Slime:5  | Killed the Royal Jelly
 71783 | Slime:5  | You add the spells Slow, Cause Fear and Enfeeble to your
                  | library.
 71783 | Slime:5  | Got the Compendium of Execration
 71785 | Slime:5  | Got a slimy rune of Zot
 71808 | Slime:5  | You pick up a book of Hexes and begin reading...
 71817 | Slime:5  | You pick up a book of Air and begin reading...
 71905 | Slime:5  | Identified the +9 hand crossbow "Zytaschuse" {penet, rN+
                  | Will- Str+4 SInv}
 72153 | Slime:4  | Reached skill level 13 in Armour
 72709 | Slime:3  | Reached skill level 18 in Fire Magic
 73178 | Depths:1 | Entered Level 1 of the Depths
 73194 | Depths:1 | Found an opulent altar of Gozag.
 73238 | Depths:1 | Found a runed translucent door.
 73238 | Depths:1 | Noticed a golden dragon
 73239 | Depths:1 | Noticed Umaschye's ghost (adept DECj)
 73695 | Depths:1 | Found a gateway to Hell.
 74146 | Depths:1 | Found a one-way gateway to a ziggurat.
 74228 | Depths:1 | Found a portal to a secret trove of treasure.
 74309 | Depths:1 | This trove needs +3 gold dragon scales to function. Give it
                  | the item?
 74569 | Depths:1 | Reached skill level 14 in Conjurations
 74615 | Depths:1 | Found a one-way gate leading to the halls of Pandemonium.
 74660 | Depths:1 | Killed a golden dragon
 74694 | Depths:1 | Killed Umaschye's ghost
 74853 | Depths:1 | Got the Papyrus of Ghastly Hexes
 74863 | Depths:1 | Learned a level 8 spell: Necromutation
 74982 | Depths:2 | Found a flickering gateway to a bazaar.
 74993 | Bazaar   | Entered a bazaar
 75007 | Bazaar   | Found Duucren's Distillery.
 75011 | Bazaar   | Found Hullain's Distillery.
 75011 | Bazaar   | Found Voegres's Antique Armour Boutique.
 75012 | Bazaar   | Found Aleinwy's General Store.
 75022 | Bazaar   | Bought 2 potions of heal wounds for 120 gold pieces
 75022 | Bazaar   | Bought a potion of heal wounds for 60 gold pieces
 75022 | Bazaar   | Bought a potion of cancellation for 96 gold pieces
 75022 | Bazaar   | Bought a potion of magic for 96 gold pieces
 75027 | Bazaar   | Bought a scroll of enchant weapon for 82 gold pieces
 75027 | Bazaar   | Bought a potion of heal wounds for 55 gold pieces
 75027 | Bazaar   | Bought a potion of might for 44 gold pieces
 75047 | Bazaar   | Bought 2 potions of curing for 84 gold pieces
 75047 | Bazaar   | Bought 2 potions of curing for 84 gold pieces
 75047 | Bazaar   | Bought a potion of haste for 140 gold pieces
 75347 | Depths:2 | Reached XP level 24. HP: 152/152 MP: 41/45
 75660 | Depths:2 | Identified the +1 robe of Gluttony {Regen+ Str+2 Int+2
                  | Stlth+}
 76202 | Depths:3 | the Enchantress comes into view. She is wielding a +1 flail
                  | of draining, wearing the +6 faerie dragon scales {rCorr
                  | Int+5 Dex+3} and wearing a +0 buckler of protection.
 76202 | Depths:3 | Noticed the Enchantress
 76206 | Depths:3 | Killed the Enchantress
 76223 | Depths:3 | Reached skill level 11 in Dodging
 76557 | Depths:3 | Reached skill level 16 in Fighting
 76803 | Depths:3 | Found a one-way gate to the infinite horrors of the Abyss.
 76816 | Depths:3 | Identified +9 gold dragon scales
 76816 | Depths:3 | Noticed Parghit
 76831 | Depths:2 | HP: 34/152 [ancient champion/+1 vorpal great sword (11)]
 77048 | Depths:3 | a +0 buckler; a +0 robe; a +4 quick blade {rare}
 77135 | Depths:3 | a +0 buckler; a +0 robe; a +4 quick blade {rare}
 77189 | Depths:3 | Reached skill level 14 in Armour
 77191 | Depths:3 | Reached skill level 14 in Axes
 77565 | Depths:3 | Noticed a juggernaut
 77573 | Depths:3 | Killed a juggernaut
 77764 | Depths:3 | Killed Parghit
 77773 | Depths:3 | 4 large rocks {=f}; +9 gold dragon scales {rare}; an iron
                  | troll corpse
 77773 | Depths:3 | E - +9 gold dragon scales {rare}
 78351 | Depths:2 | Reached skill level 1 in Transmutations
 78447 | Depths:2 | Identified the amulet "Agezo" {Spirit rC+ Will+ Int+6}
 78500 | Depths:4 | Entered Level 4 of the Depths
 78509 | Depths:4 | Reached skill level 1 in Necromancy
 78605 | Depths:4 | Reached skill level 16 in Ice Magic
 78758 | Depths:4 | Found a hide-covered altar of Uskayaw.
 78821 | Depths:4 | Reached XP level 25. HP: 145/158 MP: 35/45
 79012 | Depths:4 | Found a gate to the Realm of Zot.
 79152 | Depths:4 | Reached skill level 2 in Transmutations
 79586 | Depths:3 | a +0 buckler; a +0 robe; a +4 quick blade {rare}
 79871 | Elf:3    | Reached skill level 21 in Shields
 79871 | Elf:3    | Reached skill level 2 in Necromancy
 79874 | Elf:3    | Killed dezertu's ghost
 80183 | Hell     | Entered the Vestibule of Hell
 80183 | Hell     | Noticed Geryon
 80193 | Hell     | Reached skill level 3 in Transmutations
 80196 | Hell     | Killed Geryon
 80197 | Hell     | Reached skill level 3 in Necromancy
 80271 | Depths:1 | Upgraded the game from 0.29-a0-555-g3b24f45cc1 to
                  | 0.29-a0-557-g43b9904bd1
 80271 | Depths:1 | magus.rc [v1.11.3]
 80500 | Vaults:5 | Entered Level 5 of the Vaults
 80502 | Vaults:5 | Reached skill level 4 in Necromancy
 80502 | Vaults:5 | Reached skill level 4 in Transmutations
 80509 | Vaults:5 | Reached skill level 5 in Transmutations
 80510 | Vaults:5 | Reached skill level 5 in Necromancy
 80511 | Vaults:5 | Noticed a dread lich
 80678 | Vaults:4 | Paralysed by a dread lich for 5 turns
 80683 | Vaults:4 | Killed a dread lich
 80684 | Vaults:4 | Reached skill level 6 in Transmutations
 80766 | Vaults:5 | Reached skill level 6 in Necromancy
 80768 | Vaults:5 | Reached skill level 15 in Axes
 80770 | Vaults:5 | Reached XP level 26. HP: 87/164 MP: 43/45
 80771 | Vaults:5 | HP: 34/164 [yaktaur captain/bolt (33)]
 80886 | Vaults:5 | Noticed a dread lich
 80887 | Vaults:5 | Reached skill level 7 in Transmutations
 80888 | Vaults:5 | Reached skill level 7 in Necromancy
 80890 | Vaults:5 | Killed a dread lich
 80955 | Vaults:5 | Noticed a dread lich
 81030 | Vaults:5 | Killed a dread lich
 81032 | Vaults:5 | Reached skill level 8 in Transmutations
 81151 | Vaults:5 | +0 shadow dragon scales {rare}; a shadow dragon skeleton
 81157 | Vaults:5 | +0 shadow dragon scales {rare}; a shadow dragon skeleton
 81164 | Vaults:5 | Reached skill level 8 in Necromancy
 81244 | Vaults:5 | You pick up a book of Annihilations and begin reading...
 81244 | Vaults:5 | You add the spells Chain Lightning and Shatter to your
                  | library.
 81249 | Vaults:5 | You pick up a book of Debilitation and begin reading...
 81249 | Vaults:5 | You add the spells Vampiric Draining and Confusing Touch to
                  | your library.
 81254 | Vaults:5 | Got the Handbook of the Quantum Glacier
 81328 | Vaults:5 | +0 shadow dragon scales {rare}; a shadow dragon corpse
 81566 | Vaults:5 | Found Xerhi's Antique Armour Emporium.
 81574 | Vaults:5 | Bought a pair of runed boots for 307 gold pieces
 81580 | Vaults:5 | Got a silver rune of Zot
 81659 | Vaults:5 | Found Wutah's Antique Armour Boutique.
 81731 | Vaults:5 | Noticed a caustic shrike
 81731 | Vaults:5 | an iron giant changed into a caustic shrike
 81735 | Vaults:5 | Killed a caustic shrike
 81868 | Vaults:5 | F - +9 gold dragon scales {rare}
 82141 | Vaults:5 | a +0 dire flail; a +0 dire flail; quicksilver dragon scales
                  | {rare}
 82142 | Vaults:5 | e - quicksilver dragon scales {rare}
 82391 | Depths:3 | a +0 buckler; a +0 robe; a +4 quick blade {rare}
 82412 | Depths:3 | Learned a level 2 spell: Blink
 82422 | Depths:3 | You finish putting on your +9 gold dragon scales {rare}.
 82427 | Depths:3 | You finish taking off your +9 gold dragon scales {rare}.
 82432 | Depths:3 | You finish putting on your quicksilver dragon scales
                  | {rare}.
 82437 | Depths:3 | You finish taking off your quicksilver dragon scales
                  | {rare}.
 82569 | Depths:1 | You drop quicksilver dragon scales {rare}.
 82581 | Depths:1 | quicksilver dragon scales {rare}; +0 steam dragon scales
 82591 | Depths:1 | You finish putting on your +9 gold dragon scales {rare}.
 82596 | Depths:1 | You finish taking off your +9 gold dragon scales {rare}.
 82608 | Depths:1 | quicksilver dragon scales {rare}; +0 steam dragon scales
 82609 | Depths:1 | Acquired the +2 pair of gloves of the Lair of Beasts {Str-4
                  | Int+4 Slay+3}
 82625 | Depths:1 | quicksilver dragon scales {rare}; +0 steam dragon scales
 82632 | Depths:1 | quicksilver dragon scales {rare}; +0 steam dragon scales
 82671 | Depths:1 | magus.rc [v1.11.3]
 82869 | Zot:1    | Entered Level 1 of the Realm of Zot
 82990 | Depths:4 | HP: 37/164 [death cob (8)]
 83883 | Zot:1    | Reached skill level 9 in Transmutations
 84383 | Zot:2    | Noticed an ancient lich
 84386 | Zot:2    | Noticed a Killer Klown
 84387 | Zot:2    | Reached skill level 9 in Necromancy
 84387 | Zot:2    | Noticed a Killer Klown
 84389 | Zot:2    | Killed an ancient lich
 84389 | Zot:2    | Killed a Killer Klown
 84391 | Zot:2    | Killed a Killer Klown
 84935 | Zot:2    | Noticed a Killer Klown
 84938 | Zot:2    | Noticed an ancient lich
 84943 | Zot:2    | Found a transporter.
 84943 | Zot:2    | Noticed Abeir's ghost (legendary GrFi)
 85014 | Zot:2    | +0 storm dragon scales {rare}; a storm dragon corpse
 85076 | Zot:2    | Found a transporter.
 85077 | Zot:2    | +0 shadow dragon scales {rare}; a shadow dragon corpse
 85080 | Zot:2    | Identified a potion of experience
 85173 | Zot:2    | Reached skill level 10 in Transmutations
 85747 | Zot:3    | Reached skill level 10 in Necromancy
 85797 | Zot:3    | Identified the +3 plate armour of Resourcefulness {rElec
                  | rN+}
 85883 | Zot:3    | Noticed a Killer Klown
 85885 | Zot:3    | Noticed an orb of fire
 85886 | Zot:3    | Killed a Killer Klown
 85887 | Zot:3    | Gained mutation: Your magical capacity is low. (-10% MP)
                  | [an orb of fire]
 85889 | Zot:3    | Gained mutation: You tend to lose your temper in combat.
                  | [an orb of fire]
 85890 | Zot:3    | Killed an orb of fire
 85891 | Zot:3    | Reached skill level 16 in Axes
 86143 | Zot:3    | Reached XP level 27. HP: 169/169 MP: 26/41
 86749 | Zot:4    | Noticed a curse toe
 86755 | Zot:4    | Killed a curse toe
 86931 | Zot:4    | Noticed Iruirgha's ghost (veteran OpFi)
 86937 | Zot:4    | Noticed a curse toe
 86938 | Zot:4    | Reached skill level 11 in Necromancy
 86938 | Zot:4    | Reached skill level 11 in Transmutations
 87316 | Zot:4    | Killed a curse toe
 87356 | Zot:4    | Found a runed translucent door.
 88119 | Zot:4    | Killed Iruirgha's ghost
 88304 | Zot:5    | Entered Level 5 of the Realm of Zot
 88638 | Zot:5    | Noticed a curse toe
 88651 | Zot:5    | Killed a curse toe
 88926 | Zot:5    | Noticed an orb of fire
 88926 | Zot:5    | Noticed an orb of fire
 88930 | Zot:5    | Gained mutation: You are robust. (+10% HP) [an orb of fire]
 89205 | Zot:5    | Reached skill level 12 in Transmutations
 89209 | Zot:5    | Reached skill level 12 in Necromancy
 89276 | Zot:5    | Noticed an ancient lich
 89277 | Zot:5    | Noticed a dread lich
 89282 | Zot:5    | Killed an ancient lich
 89303 | Zot:5    | Killed a dread lich
 89387 | Zot:5    | Gained mutation: You are weak. (Str -2) [an orb of fire]
 89394 | Zot:5    | Noticed an ancient lich
 89685 | Zot:4    | Killed an ancient lich
 90223 | Depths:1 | quicksilver dragon scales {rare}; +0 steam dragon scales
 90224 | Depths:1 | f - +9 gold dragon scales {rare}
 90479 | Zot:5    | Gained mutation: Your magical capacity is very low. (-20%
                  | MP) [an orb of fire]
 90485 | Zot:4    | Killed an orb of fire
 90486 | Zot:4    | Reached skill level 17 in Axes
 90561 | Zot:5    | Gained mutation: You occasionally shout uncontrollably at
                  | your foes. [an orb of fire]
 90563 | Zot:5    | Killed an orb of fire
 90880 | Zot:5    | Noticed an orb of fire
 90885 | Zot:5    | Noticed a dread lich
 90885 | Zot:5    | Gained mutation: You have hidden genetic defects. [an orb
                  | of fire]
 90886 | Zot:5    | Gained mutation: You are very weak. (Str -4) [an orb of
                  | fire]
 90888 | Zot:5    | Gained mutation: You often lose your temper in combat. [an
                  | orb of fire]
 90894 | Zot:5    | Noticed an electric golem
 90906 | Zot:5    | Noticed an orb of fire
 90906 | Zot:5    | Gained mutation: Potions are less effective at restoring
                  | your health. [an orb of fire]
 91104 | Zot:5    | Lost mutation: You have hidden genetic defects. [potion of
                  | mutation]
 91104 | Zot:5    | Lost mutation: Armour fits poorly on your strangely shaped
                  | body. [potion of mutation]
 91104 | Zot:5    | Lost mutation: You often lose your temper in combat.
                  | [potion of mutation]
 91104 | Zot:5    | Gained mutation: You are dopey. (Int -2) [potion of
                  | mutation]
 91104 | Zot:5    | Gained mutation: You have sharp toenails. [potion of
                  | mutation]
 91105 | Zot:5    | Lost mutation: You are dopey. (Int -2) [potion of mutation]
 91105 | Zot:5    | Lost mutation: You are robust. (+10% HP) [potion of
                  | mutation]
 91105 | Zot:5    | Gained mutation: Your flesh is cold resistant. (rC+)
                  | [potion of mutation]
 91105 | Zot:5    | Lost mutation: Your flesh is cold resistant. (rC+) [potion
                  | of mutation]
 91319 | Zot:5    | Noticed an electric golem
 91322 | Zot:5    | Killed an electric golem
 91323 | Zot:5    | Reached skill level 13 in Necromancy
 91515 | Zot:5    | Noticed an orb of fire
 91522 | Zot:5    | Killed an orb of fire
 91530 | Zot:5    | Gained mutation: Armour fits poorly on your strangely
                  | shaped body. [an orb of fire]
 91535 | Zot:5    | Gained mutation: Your magical capacity is extremely low.
                  | (-30% MP) [an orb of fire]
 91541 | Zot:5    | Noticed an orb of fire
 91544 | Zot:5    | Gained mutation: You are clumsy. (Dex -2) [an orb of fire]
 91545 | Zot:5    | Killed an orb of fire
 91840 | Zot:5    | Killed an orb of fire
 92059 | Zot:5    | Killed a dread lich
 92265 | Zot:5    | Killed an orb of fire
 92266 | Zot:5    | Reached skill level 14 in Necromancy
 92644 | Zot:5    | +0 shadow dragon scales {rare}; a shadow dragon corpse
 92802 | Zot:5    | Killed an electric golem
 93237 | Zot:2    | Identified the +1 great mace of Objectivity {drain, *Noise
                  | rPois Dex+2}
 93392 | Zot:2    | Killed an ancient lich
 93998 | Zot:2    | Identified the +2 pair of boots of the Salamander {Slay+4
                  | SInv Stlth+}
 94308 | Depths:3 | magus.rc [v1.11.3]
 94311 | Depths:3 | Voluntarily entered the Abyss.
 94512 | Abyss:1  | Gained mutation: Your body sometimes deteriorates upon
                  | taking damage. [a neqoxec]
 94843 | Abyss:3  | Found a corrupted altar of Lugonu.
 95145 | Depths:3 | You pass through the gate.
 95145 | Depths:3 | Escaped the Abyss
 95324 | Depths:3 | Lost mutation: You have an uncontrollable temper. [potion
                  | of mutation]
 95324 | Depths:3 | Lost mutation: You are clumsy. (Dex -2) [potion of
                  | mutation]
 95324 | Depths:3 | Lost mutation: Potions are less effective at restoring your
                  | health. [potion of mutation]
 95324 | Depths:3 | Gained mutation: You are strong-willed. (Will+) [potion of
                  | mutation]
 95325 | Depths:3 | Lost mutation: You are strong-willed. (Will+) [potion of
                  | mutation]
 95325 | Depths:3 | Lost mutation: Your body sometimes deteriorates upon taking
                  | damage. [potion of mutation]
 95325 | Depths:3 | Lost mutation: You have sharp toenails. [potion of
                  | mutation]
 95325 | Depths:3 | Gained mutation: You are partially covered in large bone
                  | plates. (SH +4) [potion of mutation]
 95325 | Depths:3 | Lost mutation: Your magical capacity is extremely low.
                  | (-30% MP) [potion of mutation]
 95325 | Depths:3 | Gained mutation: You have hidden genetic potential. [potion
                  | of mutation]
 95326 | Depths:3 | Lost mutation: Your magical capacity is very low. (-20% MP)
                  | [potion of mutation]
 95326 | Depths:3 | Lost mutation: You are very weak. (Str -4) [potion of
                  | mutation]
 95326 | Depths:3 | Lost mutation: You occasionally shout uncontrollably at
                  | your foes. [potion of mutation]
 95326 | Depths:3 | Gained mutation: You are frail. (-10% HP) [potion of
                  | mutation]
 95326 | Depths:3 | Gained mutation: You are agile. (Dex +2) [potion of
                  | mutation]
 95327 | Depths:3 | Lost mutation: Your magical capacity is low. (-10% MP)
                  | [potion of mutation]
 95327 | Depths:3 | Lost mutation: You are agile. (Dex +2) [potion of mutation]
 95327 | Depths:3 | Lost mutation: You are frail. (-10% HP) [potion of
                  | mutation]
 95327 | Depths:3 | Gained mutation: You are agile. (Dex +2) [potion of
                  | mutation]
 95327 | Depths:3 | Lost mutation: You have hidden genetic potential. [potion
                  | of mutation]
 95327 | Depths:3 | Gained mutation: You are strong-willed. (Will+) [potion of
                  | mutation]
 95328 | Depths:3 | Lost mutation: You are agile. (Dex +2) [potion of mutation]
 95328 | Depths:3 | Lost mutation: You are weak. (Str -2) [potion of mutation]
 95328 | Depths:3 | Gained mutation: You sometimes lose the ability to read
                  | scrolls when taking damage. [potion of mutation]
 95328 | Depths:3 | Gained mutation: Your magical capacity is low. (-10% MP)
                  | [potion of mutation]
 95329 | Depths:3 | Lost mutation: Armour fits poorly on your strangely shaped
                  | body. [potion of mutation]
 95329 | Depths:3 | Lost mutation: You are strong-willed. (Will+) [potion of
                  | mutation]
 95329 | Depths:3 | Gained mutation: You have hidden genetic potential. [potion
                  | of mutation]
 95330 | Depths:3 | Lost mutation: You sometimes lose the ability to read
                  | scrolls when taking damage. [potion of mutation]
 95330 | Depths:3 | Lost mutation: You are partially covered in large bone
                  | plates. (SH +4) [potion of mutation]
 95330 | Depths:3 | Gained mutation: You are weak. (Str -2) [potion of
                  | mutation]
 95390 | Depths:3 | Learned a level 8 spell: Lehudib's Crystal Spear
 95423 | Depths:3 | Voluntarily entered the Abyss.
 95679 | Abyss:3  | Identified the +8 flail of Articulation {flame, SInv}
 96250 | Abyss:3  | HP: 41/166 [starcursed mass (2)]
 96645 | Depths:3 | You pass through the gate.
 96645 | Depths:3 | Escaped the Abyss
 96955 | Hell     | Reached skill level 15 in Conjurations
 97180 | Hell     | Found a gateway to the freezing wastes of Cocytus.
 97275 | Hell     | Reached skill level 19 in Spellcasting
 97397 | Hell     | Found a gateway to the Iron City of Dis.
 97468 | Hell     | Reached skill level 18 in Axes
 97589 | Hell     | Found a gateway to the ashen valley of Gehenna.
 97810 | Hell     | Found a gateway to the decaying netherworld of Tartarus.
 97949 | Hell     | Reached skill level 12 in Earth Magic
 97988 | Geh:1    | Entered Level 1 of Gehenna
 98362 | Dis:1    | Entered Level 1 of the Iron City of Dis
 98375 | Dis:1    | Noticed a dread lich
 98387 | Dis:1    | Killed a dread lich
 98512 | Dis:1    | Reached skill level 15 in Necromancy
 98525 | Dis:1    | HP: 36/170 [quicksilver elemental/bolt of dispelling energy
                  | (23)]
 98537 | Dis:1    | HP: 22/170 [Hell Sentinel/iron shot (29)]
 98977 | Coc:1    | Entered Level 1 of Cocytus
 98979 | Coc:1    | magus.rc [v1.11.3]
 98983 | Coc:1    | Reached skill level 13 in Earth Magic
 98989 | Coc:1    | Reached skill level 14 in Earth Magic
 99145 | Coc:2    | Reached skill level 15 in Earth Magic
 99162 | Coc:2    | Reached skill level 16 in Earth Magic
 99254 | Coc:3    | Noticed an ancient lich
 99257 | Coc:3    | Killed an ancient lich
 99258 | Coc:3    | Reached skill level 17 in Earth Magic
 99431 | Coc:4    | Reached skill level 18 in Earth Magic
 99545 | Coc:4    | Noticed a juggernaut
 99551 | Coc:4    | Killed a juggernaut
 99559 | Coc:4    | Reached skill level 19 in Earth Magic
 99737 | Coc:4    | Noticed a juggernaut
 99772 | Coc:4    | HP: 37/159 [juggernaut (35)]
 99773 | Coc:4    | Killed a juggernaut
 99778 | Coc:4    | HP: 15/163 [titan/bolt of lightning (12)]
100289 | Coc:5    | Reached skill level 20 in Earth Magic
100450 | Coc:5    | Reached skill level 15 in Armour
100517 | Coc:5    | Reached skill level 12 in Dodging
100541 | Coc:6    | Reached skill level 17 in Fighting
100715 | Coc:7    | Entered Level 7 of Cocytus
100728 | Coc:7    | Learned a level 9 spell: Shatter
100728 | Coc:7    | magus.rc [v1.11.3]
100822 | Coc:7    | Reached skill level 19 in Fire Magic
101251 | Coc:7    | You pick up a book of the Warp and begin reading...
101251 | Coc:7    | You add the spells Dispersal and Disjunction to your
                  | library.
102022 | Coc:7    | Gained mutation: You have great hidden genetic potential.
                  | [hidden potential]
102022 | Coc:7    | Lost mutation: You have great hidden genetic potential.
                  | [hidden potential expressed]
102068 | Coc:7    | Reached skill level 16 in Armour
102078 | Coc:7    | Noticed Antaeus
102091 | Coc:7    | Killed Antaeus
102187 | Coc:7    | Got an icy rune of Zot
102428 | Depths:3 | a +0 buckler; a +0 robe; a +4 quick blade {rare}
102619 | Crypt:1  | Entered Level 1 of the Crypt
102853 | Crypt:1  | Found a runed translucent gate.
102853 | Crypt:1  | Found a runed translucent gate.
102853 | Crypt:1  | Found a runed translucent gate.
102854 | Crypt:1  | Found an opulent altar of Gozag.
102855 | Crypt:1  | Noticed Datograv's ghost (adept NaAE)
103284 | Crypt:1  | Found an ancient bone altar of Kikubaaqudgha.
103418 | Crypt:1  | Reached skill level 18 in Fighting
103711 | Crypt:1  | Reached skill level 22 in Shields
103713 | Crypt:1  | Killed Datograv's ghost
104044 | Dis:1    | Noticed a caustic shrike
104044 | Dis:1    | Noticed a caustic shrike
104045 | Dis:1    | Noticed a caustic shrike
104046 | Dis:1    | Noticed a caustic shrike
104131 | Hell     | Killed a caustic shrike
104396 | Dis:1    | Killed a caustic shrike
104397 | Dis:1    | Reached skill level 13 in Dodging
104397 | Dis:1    | Killed a caustic shrike
104398 | Dis:1    | Killed a caustic shrike
104633 | Dis:2    | Noticed a caustic shrike
104634 | Dis:2    | Noticed a caustic shrike
104634 | Dis:2    | Noticed a caustic shrike
104635 | Dis:2    | Noticed a caustic shrike
104638 | Dis:2    | Killed a caustic shrike
104639 | Dis:2    | Killed a caustic shrike
104639 | Dis:2    | Killed a caustic shrike
104641 | Dis:2    | Killed a caustic shrike
104734 | Dis:3    | Reached skill level 16 in Conjurations
104766 | Dis:4    | Noticed a caustic shrike
104767 | Dis:4    | Noticed a caustic shrike
104769 | Dis:4    | Noticed a caustic shrike
104882 | Dis:4    | Killed a caustic shrike
104883 | Dis:4    | Killed a caustic shrike
104883 | Dis:4    | Killed a caustic shrike
104983 | Dis:4    | Found a huge runed gate.
104983 | Dis:4    | Found a huge runed gate.
104983 | Dis:4    | Found a huge runed gate.
104985 | Dis:4    | Found a huge runed gate.
104987 | Dis:4    | Found a huge runed gate.
104988 | Dis:4    | Found a huge runed gate.
104988 | Dis:4    | Found a huge runed gate.
104988 | Dis:4    | Found a huge runed gate.
104988 | Dis:4    | Found a huge runed gate.
104989 | Dis:4    | Found a huge runed gate.
104997 | Dis:4    | Reached skill level 17 in Ice Magic
104999 | Dis:4    | Reached skill level 20 in Spellcasting
104999 | Dis:4    | Killed from afar by a Tzitzimitl

Vanquished Creatures
  Antaeus (Coc:7)
  the Royal Jelly (Slime:5)
  6 dread liches
  5 ancient liches
  7 orbs of fire
  Mara (Vaults:4)
  3 juggernauts
  7 shard shrikes
  7 Killer Klowns
  Bai Suzhen (Vaults:4)
  Geryon (Hell)
  11 caustic shrikes
  3 curse toes
  A caustic shrike (shapeshifter) (Vaults:5)
  The ghost of Iruirgha the Slayer, a veteran OpFi of Gozag (Zot:4)
  the Enchantress (Depths:3)
  5 bone dragons
  8 golden dragons
  An electric golem (Zot:5)
  A Brimstone Fiend (Geh:1)
  7 iron giants
  A shard shrike zombie (Hell)
  14 tentacled monstrosities
  A hellephant (Abyss:1)
  2 liches
  5 tainted leviathans
  A searing wretch (Geh:1)
  2 Hell Sentinels
  19 Ice Fiends
  The ghost of Datograv the Stickfighter, an adept NaAE of Ru (Crypt:1)
  25 Orb Guardians (Zot:5)
  5 deep elf blademasters
  20 titans
  3 quicksilver dragons
  2 deep elf master archers (Elf:3)
  12 tentacled starspawn
  14 death cobs
  12 ancient champions
  2 Executioners
  16 acid blobs
  9 sphinxes
  A thorn hunter (Swamp:2)
  The ghost of Johiy the Bludgeoner, an adept MiFi of the Shining One (Spider:1)
  13 shadow dragons
  The ghost of dezertu the Sharpshooter, an adept SpHu of Dithmenos (Elf:3)
  Agnes (Elf:1)
  3 tengu reavers (Vaults:5)
  A fenstrider witch (Swamp:2)
  9 storm dragons
  30 azure jellies
  10 draconian monks
  17 rockslimes
  2 revenants
  23 narguns
  12 fire giants
  6 iron dragons
  2 daevas
  9 deep elf sorcerers
  17 vault wardens
  A balrug (Geh:1)
  2 orc warlords
  2 imperial myrmidons (Desolation)
  5 shard shrike simulacra (Coc:7)
  10 quicksilver elementals
  21 frost giants
  6 draconian knights
  7 emperor scorpions (Spider:4)
  7 ghost moths
  20 ironbound preservers
  4 draconian scorchers
  A deep elf elementalist (Elf:3)
  6 spectral caustic shrikes (Depths:4)
  2 draconian shifters
  2 juggernaut zombies
  An angel (Abyss:1)
  The ghost of Stil the Warrior, a journeyman DsTm of Okawaru (Swamp:2)
  6 ghouls
  4 spriggan defenders (Depths:3)
  A draconian stormcaller (Depths:4)
  A juggernaut skeleton (Depths:2)
  The ghost of SlaveLabor the Eclecticist, a journeyman DrIE of Ashenzari (Spider:2)
  2 broodmothers
  3 reapers
  2 ophanim
  18 quicksilver oozes
  11 very ugly things
  4 putrid mouths (Hell)
  4 draconian annihilators
  8 war gargoyles
  17 stone giants
  Nessos (Lair:5)
  25 elemental wellsprings
  2 vampire knights (Crypt:1)
  11 ironbound thunderhulks
  10 black draconians
  5 eleionomae
  10 red draconians
  7 deep elf annihilators
  Azrael (Orc:2)
  15 purple draconians
  2 halazid warlocks (Desolation)
  6 entropy weavers
  12 green draconians
  5 deep elf demonologists
  20 wendigos
  11 dire elephants
  A spark wasp (shapeshifter) (Zot:2)
  6 white draconians
  6 yellow draconians
  A lorocyproca (Abyss:1)
  2 bunyips
  21 ettins
  3 eidola
  7 deep elf death magi
  A spark wasp (Spider:4)
  A blizzard demon (Hell)
  5 crystal guardians
  10 iron golems
  5 ragged hierophants (Desolation)
  10 jiangshi
  18 great orbs of eyes
  Josephine (Orc:1)
  11 deep elf high priests
  7 ice dragons
  2 shambling mangroves
  41 vault guards
  17 hydras
  6 rakshasas
  Harold (D:10)
  9 fire dragons
  A salamander tyrant (Geh:1)
  9 boulder beetles
  12 yaktaur captains
  9 caustic shrike simulacra
  7 servants of whispers (Desolation)
  10 juggernaut simulacra
  6 peacekeepers
  A jorogumo (Spider:3)
  5 spriggan air magi
  A quicksilver dragon skeleton (Depths:2)
  11 centaur warriors
  3 ogre magi
  A fenstrider witch skeleton (Hell)
  3 spriggan skeletons
  2 catoblepae
  2 hell beasts (Hell)
  An anaconda (shapeshifter) (Abyss:3)
  5 two-headed ogres
  4 radroaches
  A merfolk avatar (Lair:6)
  8 ironbound frosthearts
  A death scarab (Spider:2)
  20 hell hogs
  The ghost of dezertu the Archer, a journeyman DEAM of Okawaru (Lair:3)
  4 deep troll shamans
  19 alligators
  3 tengu warriors
  9 vampire magi
  29 dancing weapons
  4 spriggan berserkers
  8 orc high priests (Orc:2)
  9 hell knights
  A titan zombie (Depths:3)
  13 deep troll earth magi
  4 death yaks (Depths:3)
  17 thrashing horrors (Abyss:3)
  2 spectral emperor scorpions
  12 deep elf knights
  7 soul eaters
  4 crystal echidnas
  6 sixfirhies (Abyss:3)
  2 fire crabs
  4 pharaoh ants
  A titan skeleton (Hell)
  9 sun demons (Hell)
  12 wretched stars
  12 iron trolls
  5 skeletal warriors (Crypt:1)
  3 spatial maelstroms (Abyss:3)
  A death drake (Abyss:3)
  2 sun moths
  3 spectral spark wasps (Spider:1)
  3 storm dragon skeletons
  An anaconda zombie (Hell)
  A flayed ghost (Depths:3)
  2 spark wasp zombies
  77 deep trolls
  5 goliath frogs
  4 sea snakes (Lair:6)
  3 quicksilver dragon simulacra
  An orb spider (shapeshifter) (Vaults:5)
  7 spriggan simulacra
  3 spriggan druids (Swamp:4)
  12 swamp dragons
  2 obsidian statues
  6 glowing orange brains
  A shadow demon (Dis:4)
  26 ironbound convokers
  7 deep elf archers
  A spectral jorogumo (Spider:1)
  8 wizards
  2 orb spiders (Spider:4)
  A sphinx zombie (Vaults:2)
  4 steelbarb worms
  10 lindwurms
  A spectral wolf spider (Spider:2)
  5 bog bodies
  A mana viper (shapeshifter) (Vaults:5)
  An iron dragon zombie (Depths:2)
  2 anaconda skeletons
  15 necromancers
  26 deep elf zephyrmancers
  8 harpies (Vaults:1)
  4 phantasmal warriors (Vaults:5)
  4 manticores
  33 deep elf pyromancers
  A stone giant zombie (Depths:3)
  3 tengu skeletons
  46 ugly things
  A faun (shapeshifter) (Vaults:5)
  2 oklob plants (Lair:6)
  A salamander (D:15)
  3 will-o-the-wisps
  2 shadow dragon skeletons (Depths:2)
  7 cyclopes
  A human zombie (Vaults:1)
  4 orc sorcerers
  A spectral radroach (Spider:1)
  10 shining eyes
  21 wolf spiders
  2 black mambas
  7 elephants
  A shock serpent zombie (Crypt:1)
  25 moths of wrath
  An iron dragon skeleton (Depths:2)
  4 rust devils
  4 worldbinders (Abyss:3)
  22 smoke demons
  2 apocalypse crabs
  A centaur zombie (Hell)
  5 eyes of devastation
  The ghost of kMk the Lord of Darkness, a novice OgNe of Kikubaaqudgha (D:4)
  19 vault sentinels
  2 gargoyles
  A dire elephant zombie (Crypt:1)
  6 molten gargoyles
  4 ice statues (Coc:7)
  5 titan simulacra
  2 torpor snails (Spider:2)
  3 guardian serpents
  13 cane toads
  3 centaur skeletons
  2 orange demons (Abyss:3)
  17 hellions
  9 rime drakes
  A spark wasp simulacrum (Spider:1)
  2 kobold demonologists
  Maggie (D:6)
  10 demonic crawlers
  A sea snake zombie (Crypt:1)
  7 komodo dragons
  2 unseen horrors
  15 freezing wraiths
  4 bunyip simulacra
  8 tormentors
  2 entropy weaver simulacra (Spider:2)
  23 yaktaurs
  A death yak skeleton (Crypt:1)
  7 anaconda simulacra
  5 ice devils
  2 iron giant simulacra
  11 ancient zymes (Abyss:3)
  2 hellwings
  2 tengu conjurers
  3 ghost moth simulacra (Spider:2)
  3 meliai (Spider:2)
  A queen bee (Spider:2)
  34 hornets
  A meliai (shapeshifter) (Vaults:5)
  A broodmother simulacrum (Spider:1)
  4 polar bears
  5 trolls
  2 bloated husks
  3 harpy skeletons
  5 tyrant leeches
  2 wind drakes (Lair:6)
  3 ettin zombies
  25 saltlings (Desolation)
  25 tarantellas
  23 blink frogs
  A jorogumo simulacrum (Spider:1)
  11 raiju (Abyss:3)
  108 slime creatures
  An iron dragon simulacrum (Coc:2)
  A snapping turtle (Lair:6)
  16 flying skulls
  2 frost giant simulacra
  15 culicivoras
  16 water elementals
  18 jumping spiders
  26 large abominations
  51 starcursed masses
  An ettin skeleton (Vaults:2)
  4 shadows
  A spriggan (shapeshifter) (Vaults:5)
  An orc simulacrum (Coc:2)
  4 stone giant simulacra
  Sigmund (D:6)
  5 wyverns
  4 naga simulacra
  An air elemental (Abyss:3)
  17 spriggans
  10 ynoxinuls
  88 yaks
  5 fire bats (Abyss:3)
  3 vampires
  Eustachio (D:5)
  5 fire elementals
  7 golden eyes
  9 dire elephant simulacra
  13 wraiths
  An elf zombie (Vaults:2)
  A redback (shapeshifter) (Vaults:2)
  3 basilisks
  39 redbacks
  A basilisk (shapeshifter) (D:15)
  4 neqoxecs (Abyss:3)
  20 vampire mosquitoes
  Grum (D:11)
  The ghost of Vorhees the Magician, an amateur DjNe (D:3)
  9 steam dragons
  9 chaos spawn
  20 small abominations
  A catoblepas simulacrum (Hell)
  16 harpy simulacra
  14 swamp worms
  7 wargs
  4 spatial vortices (Abyss:3)
  3 hell hounds
  3 hydra simulacra
  3 acid dragons
  18 water moccasins
  A two-headed ogre zombie (D:10)
  A water moccasin (shapeshifter) (Depths:4)
  20 orc warriors
  A glowing shapeshifter skeleton (Depths:2)
  A floating eye (shapeshifter) (Vaults:4)
  2 naga skeletons
  7 ice beasts
  A swamp dragon zombie (Crypt:1)
  11 swamp drakes
  2 black bears (Lair:3)
  4 sky beasts
  10 boggarts
  20 wolves
  A lindwurm zombie (Crypt:1)
  7 ettin simulacra
  6 ogres
  11 centaurs
  5 kobold brigands
  13 bullfrogs
  Blork the orc (D:5)
  A komodo dragon zombie (Crypt:1)
  2 scorpions
  2 cyclops zombies (Depths:3)
  4 earth elementals
  4 necrophages
  5 wights
  2 glowing shapeshifter simulacra
  A polar bear zombie (Crypt:1)
  2 troll zombies (D:10)
  20 killer bees (Spider:2)
  4 howler monkeys
  An electric eel (D:9)
  11 crimson imps
  5 hounds
  A lava snake (Swamp:4)
  3 quasits (Abyss:3)
  A jelly (D:4)
  39 orc priests
  3 gnoll shamans
  2 iron imps (Abyss:3)
  Jessica (D:2)
  2 iguanas (D:5)
  16 orc wizards
  4 hell rats (Hell)
  5 ogre zombies (D:10)
  19 gnolls
  6 adders
  A shadow imp (D:7)
  8 white imps
  6 ufetubi
  5 worms
  4 dart slugs
  96 orcs
  2 endoplasms
  2 giant cockroaches (D:1)
  8 goblins
  9 hobgoblins
  37 kobolds
  3 quokkas
  10 ball pythons
  5 bats
  4 frilled lizards
  2 goblin skeletons
  3 goblin zombies (D:10)
  2 hobgoblin skeletons (D:10)
  A hobgoblin zombie (D:10)
  18 orc zombies (D:10)
  4 rats (D:1)
  55 fire vortices
  3 pillars of salt (Vaults:2)
  6 starspawn tentacles
3253 creatures vanquished.

Vanquished Creatures (collateral kills)
  Parghit (Depths:3)
  An electric golem (Zot:5)
  The ghost of Umaschye the Eclecticist, an adept DECj of Vehumet (Depths:1)
  Rupert (Lair:5)
  A titan (Coc:5)
  A tentacled starspawn (Abyss:1)
  A shadow dragon (Zot:2)
  A frost giant (Vaults:5)
  A draconian shifter (Zot:2)
  A draconian annihilator (Zot:5)
  A stone giant (Depths:3)
  A green draconian (Zot:2)
  A yellow draconian (Zot:2)
  A purple draconian (Zot:1)
  2 red draconians
  A yaktaur captain (Vaults:5)
  A merfolk impaler (Depths:3)
  A peacekeeper (Desolation)
  An iron troll (Depths:3)
  An anaconda skeleton (Hell)
  An elephant (Lair:4)
  A molten gargoyle (Desolation)
  6 saltlings (Desolation)
  2 blink frogs (Lair:4)
  2 harpy simulacra (Coc:1)
  A wolf (Lair:5)
34 creatures vanquished.

Vanquished Creatures (others)
  An azure jelly (Coc:7)
  A fire giant (Coc:4)
  An eidolon (Abyss:3)
  A caustic shrike simulacrum (Coc:7)
  A hydra (Swamp:3)
  2 juggernaut simulacra (Coc:7)
  A wizard (D:13)
  2 iron giant simulacra
  A dire elephant simulacrum (Coc:7)
  A naga simulacrum (Coc:6)
  A small abomination (Abyss:3)
  A golden eye (Abyss:2)
  A steam dragon (Swamp:4)
  2 large abominations (Abyss:3)
  A harpy simulacrum (Coc:6)
  A swamp worm (Swamp:4)
  A swamp drake (Swamp:4)
  An orc priest (Orc:1)
  133 fire vortices
  16 foxfires
  59 fungi
  119 plants
  14 starspawn tentacles
362 creatures vanquished.

Grand Total: 3649 creatures vanquished

Table legend:
 A = Non-vault XP
 B = Vault XP
 C = Vault XP percentage of total XP
 D = Non-vault monster count
 E = Vault monster count
 F = Vault count percentage of total count
                 A         B        C        D         E       F
            +---------+---------+-------+---------+---------+-------
      Total | 1006910 |  956896 |  48.7 |    2044 |    1162 |  36.2
            +---------+---------+-------+---------+---------+-------
        D:1 |      42 |       0 |   0.0 |      20 |       0 |   0.0
        D:2 |      41 |      37 |  47.4 |      10 |       1 |   9.1
        D:3 |     119 |     258 |  68.4 |      21 |       7 |  25.0
        D:4 |     352 |     554 |  61.1 |      19 |      12 |  38.7
        D:5 |     587 |     291 |  33.1 |      13 |       2 |  13.3
        D:6 |     887 |     593 |  40.1 |      18 |       2 |  10.0
        D:7 |    1460 |     342 |  19.0 |      32 |       3 |   8.6
        D:8 |    2985 |     159 |   5.1 |      32 |       1 |   3.0
        D:9 |    1416 |    1326 |  48.4 |      20 |      12 |  37.5
       D:10 |    3168 |    5633 |  64.0 |      18 |      55 |  75.3
       D:11 |    3760 |     519 |  12.1 |      25 |       4 |  13.8
       D:12 |    5986 |       0 |   0.0 |      11 |       0 |   0.0
       D:13 |    7047 |    2641 |  27.3 |      16 |       5 |  23.8
       D:14 |    8423 |       0 |   0.0 |      21 |       0 |   0.0
       D:15 |    9140 |    6690 |  42.3 |      15 |      11 |  42.3
     Lair:1 |    5423 |     692 |  11.3 |      17 |       2 |  10.5
     Lair:2 |    6984 |       0 |   0.0 |      35 |       0 |   0.0
     Lair:3 |    7351 |    1332 |  15.3 |      38 |       3 |   7.3
     Lair:4 |   11516 |    2622 |  18.5 |      36 |       7 |  16.3
     Lair:5 |    7266 |    4577 |  38.6 |      26 |       9 |  25.7
     Lair:6 |    7443 |   11215 |  60.1 |      17 |      25 |  59.5
    Swamp:1 |   11864 |       0 |   0.0 |      18 |       0 |   0.0
    Swamp:2 |   13442 |    9880 |  42.4 |      32 |      14 |  30.4
    Swamp:3 |   12811 |    1077 |   7.8 |      22 |       2 |   8.3
    Swamp:4 |   21092 |   14359 |  40.5 |      34 |      27 |  44.3
   Spider:1 |   10331 |    6633 |  39.1 |      32 |      10 |  23.8
   Spider:2 |   14658 |    7459 |  33.7 |      42 |      33 |  44.0
   Spider:3 |   13646 |    1703 |  11.1 |      32 |       6 |  15.8
   Spider:4 |   10511 |   16851 |  61.6 |      21 |      27 |  56.2
    Slime:1 |   12629 |       0 |   0.0 |      30 |       0 |   0.0
    Slime:2 |    8875 |       0 |   0.0 |      11 |       0 |   0.0
    Slime:3 |   19312 |       0 |   0.0 |      38 |       0 |   0.0
    Slime:4 |   14316 |   12715 |  47.0 |      26 |      11 |  29.7
    Slime:5 |    8602 |   23447 |  73.2 |      13 |      19 |  59.4
      Orc:1 |    4918 |    2034 |  29.3 |      55 |      10 |  15.4
      Orc:2 |    1757 |    9323 |  84.1 |      24 |      58 |  70.7
      Elf:1 |    3953 |    9521 |  70.7 |       8 |      13 |  61.9
      Elf:2 |   15869 |   23976 |  60.2 |      24 |      30 |  55.6
      Elf:3 |   25601 |   44707 |  63.6 |      44 |      40 |  47.6
   Vaults:1 |   23683 |   18498 |  43.9 |      37 |      25 |  40.3
   Vaults:2 |   28887 |   25101 |  46.5 |      44 |      37 |  45.7
   Vaults:3 |   34584 |   33735 |  49.4 |      56 |      46 |  45.1
   Vaults:4 |   21989 |   41405 |  65.3 |      31 |      37 |  54.4
   Vaults:5 |   14820 |  120289 |  89.0 |      24 |     105 |  81.4
    Crypt:1 |   23427 |    7880 |  25.2 |      42 |       8 |  16.0
   Depths:1 |   21105 |   10824 |  33.9 |      29 |      12 |  29.3
   Depths:2 |   21712 |   19051 |  46.7 |      31 |      23 |  42.6
   Depths:3 |   41549 |   52009 |  55.6 |      51 |      53 |  51.0
   Depths:4 |   13726 |   25504 |  65.0 |      14 |      22 |  61.1
       Hell |   40078 |   34867 |  46.5 |      55 |      48 |  46.6
      Dis:1 |   15905 |    2486 |  13.5 |       6 |       2 |  25.0
      Dis:2 |   22479 |       0 |   0.0 |      13 |       0 |   0.0
      Dis:3 |    9761 |    6828 |  41.2 |      10 |       9 |  47.4
      Dis:4 |   15901 |   11991 |  43.0 |      11 |      10 |  47.6
      Geh:1 |   14147 |       0 |   0.0 |      14 |       0 |   0.0
      Coc:1 |   16360 |       0 |   0.0 |      17 |       0 |   0.0
      Coc:2 |   15384 |       0 |   0.0 |      27 |       0 |   0.0
      Coc:3 |   17430 |       0 |   0.0 |      23 |       0 |   0.0
      Coc:4 |       0 |   41734 | 100.0 |       0 |      25 | 100.0
      Coc:5 |   22009 |    4817 |  18.0 |      21 |       3 |  12.5
      Coc:6 |   34625 |       0 |   0.0 |      33 |       0 |   0.0
      Coc:7 |   33365 |  103419 |  75.6 |      44 |      93 |  67.9
      Zot:1 |   28199 |       0 |   0.0 |      23 |       0 |   0.0
      Zot:2 |   33112 |   34891 |  51.3 |      31 |      20 |  39.2
      Zot:3 |   37678 |       0 |   0.0 |      29 |       0 |   0.0
      Zot:4 |   47688 |   12428 |  20.7 |      38 |       3 |   7.3
      Zot:5 |   41724 |   93117 |  69.1 |      31 |      39 |  55.7
    Abyss:1 |       0 |       0 |   N/A |      14 |       1 |   6.7
    Abyss:2 |       0 |       0 |   N/A |      18 |       0 |   0.0
    Abyss:3 |       0 |       0 |   N/A |     261 |      15 |   5.4
     Bailey |       0 |    1971 | 100.0 |       0 |       8 | 100.0
 Desolation |       0 |   30885 | 100.0 |       0 |      57 | 100.0
            +---------+---------+-------+---------+---------+-------

Illustrated notes

Table legend:
 A = Kills in this place as a percentage of kills in entire the game.
 B = Kills by you in this place as a percentage of kills by you in the entire game.
 C = Kills by friends in this place as a percentage of kills by friends in the entire game.
 D = Other kills in this place as a percentage of other kills in the entire game.
 E = Experience gained in this place as a percentage of experience gained in the entire game.
 F = Experience gained in this place divided by the number of levels of this place that you have seen.
                   A       B       C       D       E      F
               +-------+-------+-------+-------+-------+----------------------
         Total | 100.0 | 100.0 | 100.0 | 100.0 | 100.0 | 24547.6
       Dungeon |  12.7 |  12.8 |   0.0 |  12.5 |   3.3 | 4297.1
          Lair |   6.7 |   6.6 |  14.7 |   0.0 |   3.4 | 11070.2
         Swamp |   4.6 |   4.7 |   0.0 |  12.5 |   4.3 | 21131.2
   Spider Nest |   6.3 |   6.4 |   0.0 |   0.0 |   4.2 | 20448.0
    Slime Pits |   4.6 |   4.7 |   0.0 |   0.0 |   5.1 | 19979.2
  Orcish Mines |   4.6 |   4.6 |   0.0 |  12.5 |   0.9 | 9016.0
   Elven Halls |   5.0 |   5.0 |   0.0 |   0.0 |   6.3 | 41209.0
        Vaults |  13.8 |  13.9 |   5.9 |   0.0 |  18.5 | 72598.2
         Crypt |   1.6 |   1.6 |   0.0 |   0.0 |   1.6 | 31307.0
        Depths |   7.3 |   7.3 |  14.7 |   0.0 |  10.5 | 51370.0
          Hell |   3.2 |   3.2 |   2.9 |   0.0 |   3.8 | 74945.0
           Dis |   1.9 |   1.9 |   0.0 |   0.0 |   4.3 | 21337.8
       Gehenna |   0.4 |   0.4 |   0.0 |   0.0 |   0.7 | 14147.0
       Cocytus |   8.9 |   8.8 |   8.8 |  62.5 |  14.7 | 41306.1
           Zot |   6.7 |   6.5 |  26.5 |   0.0 |  16.7 | 65767.4
         Abyss |   9.6 |   9.7 |   2.9 |   0.0 |   0.0 |   0.0
        Bailey |   0.2 |   0.3 |   0.0 |   0.0 |   0.1 | 1971.0
    Desolation |   1.8 |   1.5 |  23.5 |   0.0 |   1.6 | 30885.0
               +-------+-------+-------+-------+-------+----------------------

Table legend: (Time is in decaauts)
 A = Elapsed time spent in this place.
 B = Non-inter-level travel time spent in this place.
 C = Inter-level travel time spent in this place.
 D = Time resting spent in this place.
 E = Time spent auto-exploring this place.
 F = Levels seen in this place.
 G = Mean time per level.
                   A        B        C        D        E       F      G
               +--------+--------+--------+--------+--------+-----+--------+
         Total | 105121 |  91601 |  13520 |  28300 |  48486 |  80 | 1314.0 |
       Dungeon |  23331 |  19249 |   4082 |   2500 |  14534 |  15 | 1555.4 |
        Temple |    222 |    199 |     23 |      0 |    189 |   1 |  222.0 |
          Lair |  13966 |  12076 |   1890 |   4424 |   6275 |   6 | 2327.7 |
         Swamp |   6097 |   5553 |    544 |   1714 |   2957 |   4 | 1524.2 |
   Spider Nest |   5512 |   4896 |    616 |   2135 |   2032 |   4 | 1378.0 |
    Slime Pits |   2320 |   2156 |    164 |    548 |   1355 |   5 |  464.0 |
  Orcish Mines |   3900 |   3311 |    589 |   1587 |   1140 |   2 | 1950.0 |
   Elven Halls |   5725 |   5079 |    646 |   1511 |   2768 |   3 | 1908.3 |
        Vaults |  12235 |  11376 |    859 |   3415 |   6408 |   5 | 2447.0 |
         Crypt |   1210 |   1165 |     45 |      0 |    969 |   1 | 1210.0 |
        Depths |   8804 |   6784 |   2020 |   1947 |   3839 |   4 | 2201.0 |
          Hell |   2679 |   2436 |    243 |   1636 |    524 |   1 | 2679.0 |
           Dis |    666 |    585 |     81 |    204 |    176 |   4 |  166.5 |
       Gehenna |     64 |     41 |     23 |      0 |      0 |   1 |   64.0 |
       Cocytus |   2884 |   2280 |    604 |    900 |    678 |   7 |  412.0 |
           Zot |  10471 |   9383 |   1088 |   4227 |   4029 |   5 | 2094.2 |
         Abyss |   3140 |   3140 |      0 |    652 |     42 |   9 |  348.9 |
        Bazaar |     68 |     68 |      0 |      0 |     39 |   1 |   68.0 |
        Bailey |    588 |    588 |      0 |    340 |    105 |   1 |  588.0 |
    Desolation |   1229 |   1229 |      0 |    558 |    426 |   1 | 1229.0 |
               +--------+--------+--------+--------+--------+-----+--------+

Top non-repeatable levels by time:
  Lair:4: 3544 daAuts
   Elf:2: 3367 daAuts
Vaults:4: 3258 daAuts
   Zot:5: 3099 daAuts
  Lair:6: 3020 daAuts
Depths:3: 2930 daAuts
Vaults:3: 2896 daAuts
Vaults:2: 2769 daAuts
    Hell: 2679 daAuts
    D:10: 2602 daAuts
 Abyss:3: 2443 daAuts
Depths:1: 2373 daAuts
   Zot:4: 2344 daAuts
  Lair:3: 2126 daAuts
Vaults:1: 2122 daAuts
